Workbook
Name Constr: '24825'!$A$1
Name Constr: '24855'!$A$1
Name Constr: '24856'!$A$1
Name Constr: '24857'!$A$1
Name Constr: '24858'!$A$1
Name Constr: '25210'!$A$1
Name Constr: '25211'!$A$1
Name FOT: '24825'!$B$17
Name FOT: '24855'!$B$20
Name FOT: '24856'!$B$17
Name FOT: '24857'!$B$20
Name FOT: '24858'!$B$19
Name FOT: '25210'!$B$17
Name FOT: '25211'!$B$19
Name Ind: '24825'!$D$9
Name Ind: '24855'!$D$9
Name Ind: '24856'!$C$9
Name Ind: '24857'!$D$9
Name Ind: '24858'!$C$9
Name Ind: '25210'!$D$9
Name Ind: '25211'!$C$9
Name Obj: '24825'!#REF!
Name Obj: '24855'!#REF!
Name Obj: '24856'!#REF!
Name Obj: '24857'!#REF!
Name Obj: '24858'!#REF!
Name Obj: '25210'!#REF!
Name Obj: '25211'!#REF!
Name Obosn: '24825'!$B$15
Name Obosn: '24855'!$B$15
Name Obosn: '24856'!$B$15
Name Obosn: '24857'!$B$15
Name Obosn: '24858'!$B$15
Name Obosn: '25210'!$B$15
Name Obosn: '25211'!$B$15
Name SmPr: '24825'!$B$16
Name SmPr: '24855'!$B$16
Name SmPr: '24856'!$B$16
Name SmPr: '24857'!$B$16
Name SmPr: '24858'!$B$16
Name SmPr: '25210'!$B$16
Name SmPr: '25211'!$B$16
Name аааааппппппрррппппппп: #REF!
Name аараооооооооооооо: #REF!
Name автом: #REF!
Name алшрльоплварл: #REF!
Name аолвлддддддддддддддддввввввввв: #REF!
Name апарв: #REF!
Name апрлдджаоырыфрпопрлпрлпрлп: #REF!
Name арлггаджаш: #REF!
Name ароррбллтблпроорапииас: #REF!
Name арррррблллпдрлдддддддддд: #REF!
Name варпаааааааааа: #REF!
Name ввпьььььлднд: #REF!
Name вед: #REF!
Name вертикальная: #REF!
Name вертикплан: #REF!
Name волен: #REF!
Name вп: #REF!
Name впырпфдыпл: #REF!

Sheet 24825
A1: СОГЛАСОВАНО: | E1: ФГУП "Комбинат "Электрохимприбор" | M1: УТВЕРЖДАЮ:
G2: (наименование стройки) | M2: Зам. генерального директора
M3: Е.В.Гордеев
A4: _________________ | M4: _________________
A5: " _____ " ________________ 2014 г. | M5: "______ " __________2014 г.
G6: ЛОКАЛЬНЫЙ СМЕТНЫЙ РАСЧЕТ № 24825
G7: (локальная смета)
C9: на | D9: строительно-монтажные работы по реконструкции участка радиографии и ультрозвукового
D10: контроля лаборатории №6 ЦЛК. Площадка 1. Здание 301. инв.№ 5731020
E11: Раздел: Отопление и вентиляция
H12: (наименование работ и затрат, наименование объекта)
D13: Основание: Проект № 24565-13-ОВ КПМ Ж 6280.0010
D14: Сметная стоимость строительных работ _______________________________________________________________________________________________ | J14: ___________________________17,345 | L14: тыс. руб.
D15: Средства на оплату труда _______________________________________________________________________________________________ | J15: ___________________________2,087 | L15: тыс. руб.
D16: Сметная трудоемкость _______________________________________________________________________________________________ | J16: _______________________________________________________________________________________________160,4 | L16: чел.час
D17: Материалы ___________________________________________________________ | J17: =J119/1000 -> 11.436 | L17: тыс.руб.
D18: Составлен(а) в базовых ценах 2001г. в редакции 2009г.
A20: № пп | B20: Обоснование | C20: Наименование | D20: Ед. изм. | E20: Кол. | F20: Стоимость единицы, руб. | J20: Общая стоимость, руб. | N20: Т/з осн. раб.на ед. | O20: Т/з осн. раб. Всего | P20: Т/з мех. на ед. | Q20: Т/з мех. Всего
F21: Всего | G21: В том числе | J21: Всего | K21: В том числе
G22: Осн.З/п | H22: Эк.Маш | I22: З/пМех | K22: Осн.З/п | L22: Эк.Маш | M22: З/пМех
A23: 1 | B23: 2 | C23: 3 | D23: 4 | E23: 5 | F23: 6 | G23: 7 | H23: 8 | I23: 9 | J23: 10 | K23: 11 | L23: 12 | M23: 13 | N23: 14 | O23: 15 | P23: 16 | Q23: 17
A24: Раздел 1. Разборка.
A25: ВУ-15
A26: 1 | B26: ТЕРр65-30-4 | C26: Разборка воздуховодов из листовой стали толщиной до 0,9 мм диаметром/периметром до 660 мм /2070 мм | D26: 100 м2 | E26: 0.128 | F26: 326.88 | G26: 296.65 | H26: 30.23 | I26: 11.72 | J26: 42 | K26: 38 | L26: 4 | M26: 2 | N26: 24.7 | O26: 3.16 | P26: 0.75 | Q26: 0.1
A27: 2 | B27: ТЕРр65-30-9 | C27: Разборка воздуховодов из листовой стали толщиной 1-2 мм диаметром/периметром до 660 мм /2070 мм | D27: 100 м2 | E27: 0.264 | F27: 415.75 | G27: 385.52 | H27: 30.23 | I27: 11.72 | J27: 110 | K27: 102 | L27: 8 | M27: 3 | N27: 32.1 | O27: 8.47 | P27: 0.75 | Q27: 0.2
A28: 3 | B28: ТЕРр65-32-2 | C28: Демонтаж центробежных вентиляторов весом до 0,12 т | D28: 100 шт. | E28: 0.01 | F28: 10268.75 | G28: 10177.27 | H28: 91.48 | I28: 35.46 | J28: 103 | K28: 102 | L28: 1 | N28: 847.4 | O28: 8.47 | P28: 2.27 | Q28: 0.02
A29: ВУ-12
A30: 4 | B30: ТЕРр65-30-7 | C30: Разборка воздуховодов из листовой стали толщиной 1-2 мм диаметром/периметром до 320 мм /1000 мм | D30: 100 м2 | E30: 0.114 | F30: 607.91 | G30: 577.68 | H30: 30.23 | I30: 11.72 | J30: 69 | K30: 66 | L30: 3 | M30: 1 | N30: 48.1 | O30: 5.48 | P30: 0.75 | Q30: 0.09
A31: 5 | B31: ТЕРр65-32-1 | C31: Демонтаж центробежных вентиляторов весом до 0,05 т | D31: 100 шт. | E31: 0.01 | F31: 4162.87 | G31: 4132.64 | H31: 30.23 | I31: 11.72 | J31: 42 | K31: 42 | N31: 344.1 | O31: 3.44 | P31: 0.75 | Q31: 0.01
A32: ВУ-11
A33: 6 | B33: ТЕРр65-30-1 | C33: Разборка воздуховодов из листовой стали толщиной до 0,9 мм диаметром/периметром до 165 мм /540 мм | D33: 100 м2 | E33: 0.033 | F33: 604.31 | G33: 574.08 | H33: 30.23 | I33: 11.72 | J33: 20 | K33: 19 | L33: 1 | N33: 47.8 | O33: 1.58 | P33: 0.75 | Q33: 0.02
A34: Отопление.
A35: 7 | B35: ТЕРр65-19-4 | C35: Демонтаж ребристых труб | D35: 100 шт. | E35: 0.06 | F35: 1028.5 | G35: 964.83 | H35: 63.67 | I35: 24.68 | J35: 62 | K35: 58 | L35: 4 | M35: 1 | N35: 87 | O35: 5.22 | P35: 1.58 | Q35: 0.09
A36: 8 | B36: ТЕРр65-14-1 | C36: Разборка трубопроводов из водогазопроводных труб в зданиях и сооружениях на резьбе диаметром до 32 мм | D36: 100 м | E36: 0.08 | F36: 453.98 | G36: 453.98 | J36: 36 | K36: 36 | N36: 37.8 | O36: 3.02
A37: Раздел 2. Вентиляция.
A38: 9 | B38: ТЕР20-03-001-01 | C38: Установка вентиляторов радиальных массой до 0,05 т | D38: 1 вентилятор | E38: 1 | F38: 100.35 | G38: 78.55 | H38: 6.66 | I38: 0.18 | J38: 100 | K38: 79 | L38: 7 | N38: 6.54 | O38: 6.54 | P38: 0.01 | Q38: 0.01
A39: 10 | B39: ТСЦ-301-8006 | C39: Вентиляторы радиальные низкого давления из углеродистой стали, марка ВЦ (ВР) 4-75-4 | D39: шт. | E39: 1 | F39: 1981.62 | J39: 1982
A40: 11 | B40: ТЕР20-02-020-02 | C40: Установка виброизолятора номер 39 | D40: 10 виброизоляторов | E40: 0.4 | F40: 103.93 | G40: 61.47 | H40: 1.09 | J40: 42 | K40: 25 | N40: 4.4 | O40: 1.76
A41: 12 | B41: ТСЦ-301-0145 | C41: Виброизоляторы пружинные до № 39 | D41: шт. | E41: 4 | F41: 59.98 | J41: 240
A42: 13 | B42: ТЕР20-02-018-01 | C42: Установка вставок гибких. | D42: 1 м2 | E42: 1.44 | F42: 77.27 | G42: 70.84 | H42: 1.09 | J42: 111 | K42: 102 | L42: 2 | N42: 5.75 | O42: 8.28
A43: 14 | B43: ФССЦ-301-1319 | C43: Вставки гибкие к радиальным (центробежным) вентиляторам из парусины и оцинкованной стали типа В-8, диаметром 800 мм КОЭФ. К ПОЗИЦИИ: Проведение расценок ФЕР к территориальному уровню (Письмо УРЦЦС Ц-297 от 12.04.2011) ОЗП=1,41; ЭМ=1,242; ЗПМ=1,41; МАТ=1,052 | D43: шт. | E43: 1 | F43: 383.95 | J43: 384
A44: 15 | B44: ФССЦ-301-1329 | C44: Вставки гибкие к радиальным (центробежным) вентиляторам из парусины и оцинкованной стали типа Н-8, размером 600х600 мм КОЭФ. К ПОЗИЦИИ: Проведение расценок ФЕР к территориальному уровню (Письмо УРЦЦС Ц-297 от 12.04.2011) ОЗП=1,41; ЭМ=1,242; ЗПМ=1,41; МАТ=1,052 | D44: шт. | E44: 1 | F44: 289.18 | J44: 289
A45: 16 | B45: ТСЦ-301-1746 прим. | C45: Лючок параметров. | D45: шт. | E45: 2 | F45: 6.5 | J45: 13
A46: 17 | B46: ТСЦ-301-3084 | C46: Шиберы в обечайке из листовой углеродистой и сортовой стали прямоугольные периметром до 1500 мм | D46: шт. | E46: 1 | F46: 143 | J46: 143
A47: 18 | B47: ТЕР20-02-002-02 | C47: Установка решеток жалюзийных площадью в свету до 1,0 м2 | D47: 1 решетка | E47: 2 | F47: 36.93 | G47: 22.48 | H47: 4.44 | I47: 0.18 | J47: 74 | K47: 45 | L47: 9 | N47: 1.78 | O47: 3.56 | P47: 0.01 | Q47: 0.02
A48: 19 | B48: ФССЦ-301-2581 прим. | C48: Решетки вентиляционные алюминиевые "АРКТОС" типа АМН, размером 150х100 мм КОЭФ. К ПОЗИЦИИ: Проведение расценок ФЕР к территориальному уровню (Письмо УРЦЦС Ц-297 от 12.04.2011) ОЗП=1,41; ЭМ=1,242; ЗПМ=1,41; МАТ=1,052 | D48: шт. | E48: 1 | F48: 168.91 | J48: 169
A49: 20 | B49: ФССЦ-301-2588 | C49: Решетки вентиляционные алюминиевые "АРКТОС" типа АМН, размером 200х200 мм КОЭФ. К ПОЗИЦИИ: Проведение расценок ФЕР к территориальному уровню (Письмо УРЦЦС Ц-297 от 12.04.2011) ОЗП=1,41; ЭМ=1,242; ЗПМ=1,41; МАТ=1,052 | D49: шт. | E49: 1 | F49: 207.18 | J49: 207
A50: 21 | B50: ТЕР20-02-003-02 прим. | C50: Установка сетки №4,5-05 | D50: 1 решетка | E50: 2 | F50: 21.93 | G50: 14.78 | H50: 2.94 | J50: 44 | K50: 30 | L50: 6 | N50: 1.17 | O50: 2.34
A51: Уд | B51: 1. 301-0596 | C51: Решетки жалюзийные неподвижные односекционные марка СТД 302, размер 150х580 мм | D51: м2 | E51: 0,09 0,18 | F51: 630.7 | J51: 113.53
A52: 22 | B52: ТСЦ-101-0874 | C52: Сетка №4,5-0,5 | D52: м2 | E52: 0.105 | F52: 30.35 | J52: 3
A53: 23 | B53: ТЕР20-01-001-01 | C53: Прокладка воздуховодов из листовой, оцинкованной стали и алюминия класса Н (нормальные) толщиной 0,5 мм, диаметром до 200 мм | D53: 100 м2 | E53: 0.038 | F53: 2810.67 | G53: 2068.04 | H53: 170.31 | I53: 9.46 | J53: 107 | K53: 79 | L53: 6 | N53: 167.86 | O53: 6.38 | P53: 0.52 | Q53: 0.02
A54: 24 | B54: ТСЦ-301-1771 | C54: Воздуховоды из листовой стали толщиной 0,5 мм, диаметром до 200 мм | D54: м2 | E54: 3.8 | F54: 278.47 | J54: 1058
A55: 25 | B55: ТЕР20-01-001-04 | C55: Прокладка воздуховодов из листовой, оцинкованной стали и алюминия класса Н (нормальные) толщиной 0,6 мм, диаметром до 250 мм | D55: 100 м2 | E55: 0.114 | F55: 2812.85 | G55: 2068.04 | H55: 172.49 | I55: 9.46 | J55: 321 | K55: 236 | L55: 20 | M55: 1 | N55: 167.86 | O55: 19.14 | P55: 0.52 | Q55: 0.06
A56: 26 | B56: ТСЦ-301-1774 | C56: Воздуховоды из листовой стали толщиной 0,6 мм, диаметром до 250 мм | D56: м2 | E56: 11.4 | F56: 204.46 | J56: 2331
A57: 27 | B57: ТЕР20-01-002-22 прим. | C57: Прокладка переходов из листовой стали толщиной 1,4 мм, ф250-ф410; 280х280-ф315 L=300мм | D57: 100 м2 | E57: 0.007 | F57: 1459.57 | G57: 663.43 | H57: 147.61 | I57: 7.28 | J57: 10 | K57: 5 | L57: 1 | N57: 53.85 | O57: 0.38 | P57: 0.4
A58: 28 | B58: ТСЦ-301-1821 прим. | C58: Переходы из листовой стали толщиной 1,4 мм, ф250-ф410; 280х280-ф315 L=300мм | D58: м2 | E58: 0.7 | F58: 357.5 | J58: 250
A59: 29 | B59: ТСЦ-301-0475 | C59: Крепления для воздуховодов подвески СТД6208, СТД6209, СТД6210 | D59: т | E59: 0.01 | F59: 8739.36 | J59: 87
A60: 30 | B60: ТЕР13-03-002-04 | C60: Огрунтовка металлических поверхностей за один раз грунтовкой ГФ-021 | D60: 100 м2 | E60: 0.318 | F60: 417.46 | G60: 79.65 | H60: 10.15 | I60: 0.16 | J60: 133 | K60: 25 | L60: 3 | N60: 5.31 | O60: 1.69 | P60: 0.01
A61: 31 | B61: ТЕР15-04-030-01 | C61: Масляная окраска металлических поверхностей (воздуховодов изнутри), количество окрасок 1 | D61: 100 м2 | E61: 0.159 | F61: 574.75 | G61: 120.81 | H61: 3.68 | I61: 0.16 | J61: 91 | K61: 19 | L61: 1 | N61: 9.68 | O61: 1.54 | P61: 0.01
A62: 32 | B62: ТЕР15-04-030-02 | C62: Масляная окраска металлических поверхностей (воздуховодов снаружи), количество окрасок 2 | D62: 100 м2 | E62: 0.159 | F62: 709.24 | G62: 152.38 | H62: 3.68 | I62: 0.16 | J62: 113 | K62: 24 | L62: 1 | N62: 12.21 | O62: 1.94 | P62: 0.01
A63: Раздел 3. Система П-1
A64: 33 | B64: ТЕР20-02-002-02 | C64: Установка решеток жалюзийных площадью в свету до 1,0 м2 | D64: 1 решетка | E64: 5 | F64: 36.93 | G64: 22.48 | H64: 4.44 | I64: 0.18 | J64: 185 | K64: 112 | L64: 22 | M64: 1 | N64: 1.78 | O64: 8.9 | P64: 0.01 | Q64: 0.05
A65: 34 | B65: ФССЦ-301-2589 прим. | C65: Решетки вентиляционные алюминиевые "АРКТОС" типа АМН, размером 250х200 мм КОЭФ. К ПОЗИЦИИ: Проведение расценок ФЕР к территориальному уровню (Письмо УРЦЦС Ц-297 от 12.04.2011) ОЗП=1,41; ЭМ=1,242; ЗПМ=1,41; МАТ=1,052 | D65: шт. | E65: 4 | F65: 247.08 | J65: 988
A66: 35 | B66: ФССЦ-301-2582 прим. | C66: Решетки вентиляционные алюминиевые "АРКТОС" типа АМН, размером 150х200 мм КОЭФ. К ПОЗИЦИИ: Проведение расценок ФЕР к территориальному уровню (Письмо УРЦЦС Ц-297 от 12.04.2011) ОЗП=1,41; ЭМ=1,242; ЗПМ=1,41; МАТ=1,052 | D66: шт. | E66: 1 | F66: 217.01 | J66: 217
A67: 36 | B67: ТЕР20-01-001-09 прим. | C67: Прокладка переходов из листовой стали толщиной 0,6 мм, 200х250-150х200 L=300мм | D67: 100 м2 | E67: 0.003 | F67: 2601.53 | G67: 1893.46 | H67: 136.2 | I67: 7.46 | J67: 8 | K67: 6 | N67: 153.69 | O67: 0.46 | P67: 0.41
A68: 37 | B68: ТСЦ-301-1778 прим. | C68: Переходы из листовой стали толщиной 0,6 мм, 200х250-150х200 L=300мм | D68: м2 | E68: 0.3 | F68: 224.57 | J68: 67
A69: 38 | B69: ТЕР20-01-001-03 | C69: Прокладка воздуховодов из листовой стали толщиной 0,5 мм, периметром до 1000 мм | D69: 100 м2 | E69: 0.049 | F69: 2601.53 | G69: 1893.46 | H69: 136.2 | I69: 7.46 | J69: 127 | K69: 93 | L69: 7 | N69: 153.69 | O69: 7.53 | P69: 0.41 | Q69: 0.02
A70: 39 | B70: ТСЦ-301-1773 | C70: Воздуховоды из листовой стали толщиной 0,5 мм, периметром до 1000 мм | D70: м2 | E70: 4.9 | F70: 221.7 | J70: 1086
A71: 40 | B71: ТЕР20-01-001-09 прим. | C71: Прокладка воздуховодов из листовой стали толщиной 0,6 мм, периметром до 900 мм | D71: 100 м2 | E71: 0.009 | F71: 2601.53 | G71: 1893.46 | H71: 136.2 | I71: 7.46 | J71: 23 | K71: 17 | L71: 1 | N71: 153.69 | O71: 1.38 | P71: 0.41
A72: 41 | B72: ТСЦ-301-1778 прим. | C72: Воздуховоды из листовой стали толщиной 0,6 мм, периметром до 1000 мм | D72: м2 | E72: 0.9 | F72: 224.57 | J72: 202
A73: 42 | B73: ТСЦ-301-0475 | C73: Крепления для воздуховодов подвески СТД6208, СТД6209, СТД6210 | D73: т | E73: 0.006 | F73: 8739.36 | J73: 52
A74: 43 | B74: ТЕР13-03-002-04 | C74: Огрунтовка металлических поверхностей за один раз грунтовкой ГФ-021 | D74: 100 м2 | E74: 0.122 | F74: 417.46 | G74: 79.65 | H74: 10.15 | I74: 0.16 | J74: 51 | K74: 10 | L74: 1 | N74: 5.31 | O74: 0.65 | P74: 0.01
A75: 44 | B75: ТЕР15-04-030-01 | C75: Масляная окраска металлических поверхностей (воздуховодов изнутри), количество окрасок 1 | D75: 100 м2 | E75: 0.061 | F75: 574.75 | G75: 120.81 | H75: 3.68 | I75: 0.16 | J75: 35 | K75: 7 | N75: 9.68 | O75: 0.59 | P75: 0.01
A76: 45 | B76: ТЕР15-04-030-02 | C76: Масляная окраска металлических поверхностей (воздуховодов снаружи), количество окрасок 2 | D76: 100 м2 | E76: 0.061 | F76: 709.24 | G76: 152.38 | H76: 3.68 | I76: 0.16 | J76: 43 | K76: 9 | N76: 12.21 | O76: 0.74 | P76: 0.01
A77: Раздел 4. Отопление.
A78: 46 | B78: ТЕР18-03-001-01 | C78: Установка радиаторов чугунных | D78: 100 кВт | E78: 0.0016 | F78: 23624.42 | G78: 956.09 | H78: 487.05 | I78: 42.84 | J78: 38 | K78: 2 | L78: 1 | N78: 75.7 | O78: 0.12 | P78: 2.72
A79: 47 | B79: ТЕР18-07-001-05 | C79: Установка кранов | D79: 1 компл. | E79: 5 | F79: 2.68 | G79: 1.73 | J79: 13 | K79: 9 | N79: 0.12 | O79: 0.6
A80: Уд | B80: 1. 302-0474 | C80: Краны для спуска воздуха СТД 7073В, латунные | D80: компл. | E80: 1 5 | F80: 12.61 | J80: 63.05
A81: 48 | B81: ТСЦ-302-0469 | C81: Краны регулирующие двойной регулировки пробковые КРДП латунные, диаметром 15 мм | D81: шт. | E81: 5 | F81: 36.65 | J81: 183
A82: 49 | B82: ТЕР16-02-001-01 | C82: Прокладка трубопроводов отопления из стальных водогазопроводных неоцинкованных труб диаметром 15 мм | D82: 100 м | E82: 0.125 | F82: 3897.38 | G82: 446.74 | H82: 69.04 | I82: 2.73 | J82: 487 | K82: 56 | L82: 9 | N82: 32.97 | O82: 4.12 | P82: 0.15 | Q82: 0.02
A83: 50 | B83: ТСЦ-301-1224 | C83: Крепления для трубопроводов: кронштейны, планки, хомуты | D83: кг | E83: 3.8 | F83: 17.02 | J83: 65
A84: 51 | B84: ТЕР16-07-005-02 | C84: Гидравлическое испытание трубопроводов систем отопления, водопровода и горячего водоснабжения диаметром до 100 мм | D84: 100 м | E84: 0.125 | F84: 118.06 | G84: 82.16 | H84: 15.29 | J84: 15 | K84: 10 | L84: 2 | N84: 5.01 | O84: 0.63
A85: 52 | B85: ТСЦ-103-0007 | C85: Трубы стальные сварные водогазопроводные с резьбой черные легкие (неоцинкованные) диаметр условного прохода 65 мм, толщина стенки 3,2 мм (Футляр) | D85: м | E85: 6 | F85: 52.93 | J85: 318
A86: 53 | B86: ТЕР13-03-002-04 | C86: Огрунтовка металлических поверхностей за один раз грунтовкой ГФ-021 | D86: 100 м2 | E86: 0.027 | F86: 417.46 | G86: 79.65 | H86: 10.15 | I86: 0.16 | J86: 11 | K86: 2 | N86: 5.31 | O86: 0.14 | P86: 0.01
A87: 54 | B87: ТЕР15-04-030-03 | C87: Масляная окраска металлических труб диаметром более 50 мм и т.п., количество окрасок 2 | D87: 100 м2 | E87: 0.027 | F87: 1003.82 | G87: 506.56 | H87: 3.68 | I87: 0.16 | J87: 27 | K87: 14 | N87: 40.59 | O87: 1.1 | P87: 0.01
A88: 55 | B88: ТЕРр69-4-1 | C88: Заделка отверстий в местах прохода трубопроводов в стенах и перегородках оштукатуренных | D88: 100 отверстий | E88: 0.02 | F88: 1343.1 | G88: 944.71 | H88: 2.02 | I88: 0.78 | J88: 27 | K88: 19 | N88: 78.66 | O88: 1.57 | P88: 0.05
A89: 56 | B89: ТЕРр69-1-6 | C89: Пробивка отверстий в кирпичных стенах для водогазопроводных труб вручную | D89: 100 отверстий | E89: 0.02 | F89: 2227.89 | G89: 2227.89 | J89: 45 | K89: 45 | N89: 202.72 | O89: 4.05
A90: Итого прямые затраты по смете в ценах 2001г. | J90: 13099 | K90: 1543 | L90: 120 | M90: 9 | O90: 124.97 | Q90: 0.73
A91: Итого прямые затраты по смете с учетом коэффициентов к итогам | J91: 13688 | K91: 2076 | L91: 176 | M91: 11 | O91: 160.4 | Q91: 0.86
A92: В том числе, справочно:
A93: Районный к-т 4,3% (Поз. 1-29, 33-42, 46-52, 30, 43, 53, 31-32, 44-45, 54-56) | J93: 67 | K93: 66
A94: При ремонте и реконструкции зданий и сооружений работы, аналогичные технологическим процессам в новом строительстве ОЗП=1,15; ЭМ=1,25; ЗПМ=1,25; ТЗ=1,15; ТЗМ=1,25 (Поз. 9-29, 33-42, 46-52, 30, 43, 53, 31-32, 44-45, 54) | J94: 184 | K94: 159 | L94: 25 | O94: 12.0765 | Q94: 0.05
A95: Испытание систем вентиляции. (п. 1.20.19 Тех.часть) ОЗП=1,05; ЭМ=1,05; ЗПМ=1,05; ТЗ=1,05; ТЗМ=1,05 (Поз. 9-29, 33-42) | J95: 55 | K95: 50 | L95: 5 | O95: 3.8325 | Q95: 0.0115
A96: Испытание систем отопления. (п. 1.18.16 Тех.часть) ОЗП=1,03; ЭМ=1,03; ЗПМ=1,03; ТЗ=1,03; ТЗМ=1,03 (Поз. 46-52) | J96: 3 | K96: 3 | O96: 0.1887 | Q96: 0.0009
A97: Условия производства работ ОЗП=1,2; ЭМ=1,2; ЗПМ=1,2; ТЗ=1,2; ТЗМ=1,2 (Поз. 9-29, 33-42, 46-52, 30, 43, 53, 31-32, 44-45, 54) | J97: 280 | K97: 254 | L97: 26 | M97: 1 | O97: 19.322 | Q97: 0.054
A98: Накладные расходы | J98: 2329
A99: В том числе, справочно:
A100: 74% ФОТ (от 490) (Поз. 1-8) | J100: 363
A101: 78% ФОТ (от 67) (Поз. 55-56) | J101: 52
A102: 90% ФОТ (от 54) (Поз. 30, 43, 53) | J102: 49
...

Sheet 24855
A1: СОГЛАСОВАНО: | E1: ФГУП "Комбинат "Электрохимприбор" | M1: УТВЕРЖДАЮ:
G2: (наименование стройки) | M2: Зам. генерального директора
M3: Е.В.Гордеев
A4: _________________ | M4: _________________
A5: " _____ " ________________ 2014 г. | M5: "______ " __________2014 г.
G6: ЛОКАЛЬНЫЙ СМЕТНЫЙ РАСЧЕТ № 24855
G7: (локальная смета)
C9: на | D9: строительно-монтажные работы по реконструкции участка радиографии и ультрозвукового
D10: контроля лаборатории №6 ЦЛК. Площадка 1. Здание 301. инв.№ 5731020
E11: Раздел: Электрооборудование. Электроосвещение.
H12: (наименование работ и затрат, наименование объекта)
D13: Основание: проект № 24583-13-ЭМ Тема КПМ Ж6280.010
D14: Сметная стоимость _______________________________________________________________________________________________ | J14: ___________________________90,940 | L14: тыс. руб.
D15: строительных работ _______________________________________________________________________________________________ | J15: _______________________________________________________________________________________________1,073 | L15: тыс. руб.
D16: монтажных работ _______________________________________________________________________________________________ | J16: _______________________________________________________________________________________________89,867 | L16: тыс. руб.
D17: Средства на оплату труда _______________________________________________________________________________________________ | J17: ___________________________9,170 | L17: тыс. руб.
D18: Сметная трудоемкость _______________________________________________________________________________________________ | J18: _______________________________________________________________________________________________542,28 | L18: чел.час
D19: Материалы ______________________________________ | K19: =J135/1000 -> 60.351 | L19: тыс.руб.
D20: Составлен(а) в базовых ценах 2001г. в редакции 2009г.
A22: № пп | B22: Обоснование | C22: Наименование | D22: Ед. изм. | E22: Кол. | F22: Стоимость единицы, руб. | J22: Общая стоимость, руб. | N22: Т/з осн. раб.на ед. | O22: Т/з осн. раб. Всего | P22: Т/з мех. на ед. | Q22: Т/з мех. Всего
F23: Всего | G23: В том числе | J23: Всего | K23: В том числе
G24: Осн.З/п | H24: Эк.Маш | I24: З/пМех | K24: Осн.З/п | L24: Эк.Маш | M24: З/пМех
A25: 1 | B25: 2 | C25: 3 | D25: 4 | E25: 5 | F25: 6 | G25: 7 | H25: 8 | I25: 9 | J25: 10 | K25: 11 | L25: 12 | M25: 13 | N25: 14 | O25: 15 | P25: 16 | Q25: 17
A26: Раздел 1. Демонтажные работы
A27: 1 | B27: ТЕРм08-03-572-07 | C27: Демонтаж: распределительный пункт (шкаф), устанавливаемый на полу, высота и ширина до 1700х1100 мм КОЭФ. К ПОЗИЦИИ: Демонтаж оборудования, которое не подлежит дальнейшему использованию (предназначено в лом) без разборки и резки ОЗП=0,3; ЭМ=0,3 к расх.; ЗПМ=0,3; МАТ=0 к расх.; ТЗ=0,3; ТЗМ=0,3 | D27: 1 шт. | E27: 2 | F27: 58.28 | G27: 19.53 | H27: 38.75 | I27: 2.24 | J27: 117 | K27: 39 | L27: 78 | M27: 4 | N27: 1.4 | O27: 2.8 | P27: 0.12 | Q27: 0.24
A28: 2 | B28: ТЕРм08-03-599-10 | C28: Демонтаж: щитки осветительные, устанавливаемые на стене распорными дюбелями, масса щитка до 15 кг КОЭФ. К ПОЗИЦИИ: Демонтаж оборудования, которое не подлежит дальнейшему использованию (предназначено в лом) без разборки и резки ОЗП=0,3; ЭМ=0,3 к расх.; ЗПМ=0,3; МАТ=0 к расх.; ТЗ=0,3; ТЗМ=0,3 | D28: 1 шт. | E28: 1 | F28: 19.83 | G28: 17.48 | H28: 2.35 | I28: 0.11 | J28: 20 | K28: 18 | L28: 2 | N28: 1.25 | O28: 1.25 | P28: 0.01 | Q28: 0.01
A29: 3 | B29: ТЕРр67-4-5 | C29: Демонтаж светильников для люминесцентных ламп | D29: 100 шт. | E29: 0.26 | F29: 205.2 | G29: 201.98 | H29: 3.22 | I29: 1.25 | J29: 53 | K29: 53 | N29: 17.89 | O29: 4.65 | P29: 0.08 | Q29: 0.02
A30: 4 | B30: ТЕРр67-3-1 | C30: Демонтаж кабеля | D30: 100 м | E30: 1.5 | F30: 106.34 | G30: 105.94 | H30: 0.4 | I30: 0.16 | J30: 160 | K30: 159 | L30: 1 | N30: 9.64 | O30: 14.46 | P30: 0.01 | Q30: 0.02
A31: 5 | B31: ТЕРр67-4-1 | C31: Демонтаж выключателей, розеток | D31: 100 шт. | E31: 0.15 | F31: 64.18 | G31: 64.18 | J31: 10 | K31: 10 | N31: 5.84 | O31: 0.88
A32: 6 | B32: ТЕРм08-03-532-04 | C32: Демонтаж: пост управления кнопочный на стене КОЭФ. К ПОЗИЦИИ: Демонтаж оборудования, которое не подлежит дальнейшему использованию (предназначено в лом) без разборки и резки ОЗП=0,3; ЭМ=0,3 к расх.; ЗПМ=0,3; МАТ=0 к расх.; ТЗ=0,3; ТЗМ=0,3 | D32: 1 шт. | E32: 2 | F32: 7.62 | G32: 7.24 | H32: 0.38 | J32: 15 | K32: 14 | L32: 1 | N32: 0.54 | O32: 1.08
A33: Раздел 2. Монтажные работы
A34: 7 | B34: ФССЦ-509-2738 прим. | C34: Щитки учетно-распределительные ЩУРн-3/48зо-1 со счетчиком КОЭФ. К ПОЗИЦИИ: Приведение расценок ФЕР к территориальному уровню (Письмо УРЦЦС Ц-297 от 12.04.2011) ОЗП=1,41; ЭМ=1,242; ЗПМ=1,41; МАТ=1,052 | D34: шт. | E34: 1 | F34: 2538.22 | J34: 2538
A35: 8 | B35: ТСЦ-509-1310 | C35: Щитки осветительные на 18 модулей | D35: шт. | E35: 1 | F35: 1562 | J35: 1562
A36: 9 | B36: ТЕРм08-03-599-06 | C36: Щитки осветительные, устанавливаемые в нише болтами на конструкции, масса щитка до 15 кг | D36: 1 шт. | E36: 2 | F36: 153.76 | G36: 62.31 | H36: 9.31 | I36: 0.55 | J36: 308 | K36: 125 | L36: 19 | M36: 1 | N36: 4.46 | O36: 8.92 | P36: 0.03 | Q36: 0.06
A37: 10 | B37: ТСЦ-509-5067 | C37: Выключатели и переключатели защитные (степень защиты IP56, IP67) ПВ2-40 М3Б | D37: шт. | E37: 3 | F37: 131.58 | J37: 395
A38: 11 | B38: ТСЦ-509-5030 | C38: Выключатели и переключатели защитные (степень защиты IP30, IP56, IP67) ПВ3-16 М1 56,57, силумин | D38: шт. | E38: 1 | F38: 128.09 | J38: 128
A39: 12 | B39: ТЕРм08-03-525-01 | C39: Выключатель или переключатель пакетный в металлической оболочке, устанавливаемый на конструкции на стене или колонне, с количеством зажимов для подключения до 9 на ток до 25 А | D39: 1 шт. | E39: 4 | F39: 140.25 | G39: 28.32 | H39: 1.28 | J39: 561 | K39: 113 | L39: 5 | N39: 2.09 | O39: 8.36
A40: 13 | B40: Цена поставщика | C40: Коробка КМ41237 распаячная для о/п d75х40мм IP44 (RAL7035, 4 гермоввода) UKO11-075-040-000-K41-44 (Ц:21руб:1,18:5.56) | D40: шт. | E40: 40 | F40: 3.2 | J40: 128
A41: 14 | B41: Цена поставщика | C41: РРС20-3-ББ Розетка одноместная с з/к для открытой установки "Брикс" ERB11-K01-16-DC (Ц:49,76руб:1,18:5,56) | D41: шт. | E41: 3 | F41: 7.58 | J41: 23
A42: 15 | B42: Цена поставщика | C42: РС22-3-ББ Розетка двухместная с з/к для открытой установки "Брикс" ERB21-K01-16-DC (Ц:87,26руб:1,18:5,56) | D42: шт. | E42: 10 | F42: 13.3 | J42: 133
A43: 16 | B43: Цена поставщика | C43: РС23-3-ББ Розетка трехместная с з/к для открытой установки "Брикс" ERB31-K01-16-DC (Ц:116,62руб:1,18:5,56) | D43: шт. | E43: 7 | F43: 17.78 | J43: 124
A44: 17 | B44: ТЕРм08-03-591-08 | C44: Розетка штепсельная неутопленного типа при открытой проводке | D44: 100 шт. | E44: 0.2 | F44: 813.8 | G44: 603.5 | H44: 29.99 | I44: 0.73 | J44: 163 | K44: 121 | L44: 6 | N44: 43.2 | O44: 8.64 | P44: 0.04 | Q44: 0.01
A45: 18 | B45: Цена поставщика | C45: Розетка одноместная с з/к с крышкой для открытой установки РСб20-3-ГЧ IP44 серия "ГЕРМЕС" (цвет крышки:белый) ERM12-K02-16-44-EC (Ц:127,48руб:1,18:5,56) | D45: шт. | E45: 3 | F45: 19.43 | J45: 58
A46: 19 | B46: Цена поставщика | C46: Розетка двухместная с з/к с крышкой для открытой установки РСб22-3-ГЧ IP44 серия "ГЕРМЕС" (цвет крышки: белый) ERM22-K02-16-44 (Ц:236,68руб:1,18:5,56) | D46: шт. | E46: 7 | F46: 36.07 | J46: 252
A47: 20 | B47: Цена поставщика | C47: Розетка трехместная с з/к с крышкой для открытой установки РСб23-3-ГЧ IP44 серия "ГЕРМЕС" (цвет крышки: белый) ERM23-K02-16-44-EC (Ц:380,31руб:1,18:5,56) | D47: шт. | E47: 2 | F47: 57.97 | J47: 116
A48: 21 | B48: ТЕРм08-03-591-10 | C48: Розетка штепсельная полугерметическая и герметическая | D48: 100 шт. | E48: 0.12 | F48: 1651.95 | G48: 1063.12 | H48: 76.69 | I48: 2.18 | J48: 198 | K48: 128 | L48: 9 | N48: 76.1 | O48: 9.13 | P48: 0.12 | Q48: 0.01
A49: 22 | B49: Цена поставщика | C49: Розетка 115 стационарная 3Р+РЕ+N 16А 380В IP44 ИЭК PSR12-016-5 (Ц:149,03руб:1,18:5,56) | D49: шт. | E49: 2 | F49: 22.72 | J49: 45
A50: 23 | B50: ТЕРм08-03-591-11 | C50: Розетка штепсельная трехполюсная | D50: 100 шт. | E50: 0.02 | F50: 1829.4 | G50: 1025.4 | H50: 35.07 | I50: 2.18 | J50: 37 | K50: 21 | L50: 1 | N50: 73.4 | O50: 1.47 | P50: 0.12
A51: 24 | B51: Цена поставщика | C51: Вилка 015 3Р+РЕ+N16А 380В IP44 ИЭК PSR02-016-5 (Ц:110,18руб:1,18:5,56) | D51: шт. | E51: 2 | F51: 16.79 | J51: 34
A52: 25 | B52: ТЕРм08-03-545-01 прим. | C52: Монтаж: вилка | D52: 1 шт. | E52: 2 | F52: 160.78 | G52: 43.86 | H52: 2.36 | J52: 322 | K52: 88 | L52: 5 | N52: 3.31 | O52: 6.62
A53: 26 | B53: ФССЦ-509-1451 | C53: Посты управления кнопочные ПКЕ222-2 У3 КОЭФ. К ПОЗИЦИИ: Приведение расценок ФЕР к территориальному уровню (Письмо УРЦЦС Ц-297 от 12.04.2011) ОЗП=1,41; ЭМ=1,242; ЗПМ=1,41; МАТ=1,052 | D53: шт. | E53: 1 | F53: 98.05 | J53: 98
A54: 27 | B54: ТЕРм08-03-532-04 | C54: Пост управления кнопочный общего назначения, устанавливаемый на конструкции на стене или колонне, количество элементов поста до 3 | D54: 1 шт. | E54: 1 | F54: 122.2 | G54: 24.12 | H54: 1.28 | J54: 122 | K54: 24 | L54: 1 | N54: 1.8 | O54: 1.8
A55: 28 | B55: Цена поставщика | C55: Контактор КМИ10960 9А в оболочке Ue=380В/АС3 IP54 KKM16-009-380-00 ИЭК (Ц:967,48руб:1,18:5,56) | D55: шт. | E55: 1 | F55: 147.46 | J55: 147
A56: 29 | B56: ТЕРм08-03-529-01 | C56: Контактор постоянного тока на конструкции на ток до 160 А | D56: 1 шт. | E56: 1 | F56: 325.94 | G56: 47.78 | H56: 4.85 | I56: 0.18 | J56: 326 | K56: 48 | L56: 5 | N56: 3.42 | O56: 3.42 | P56: 0.01 | Q56: 0.01
A57: 30 | B57: Цена поставщика | C57: ВС20-1-0-ББ Выключатель одноклавишный для открытой установки Серия "БРИКС" EVB10-K01-10-DC (Ц:49,76руб:1,18:5,56) | D57: шт. | E57: 5 | F57: 7.58 | J57: 38
A58: 31 | B58: ТЕРм08-03-591-01 | C58: Выключатель одноклавишный неутопленного типа при открытой проводке | D58: 100 шт. | E58: 0.05 | F58: 758.17 | G58: 551.82 | H58: 27.07 | I58: 0.55 | J58: 38 | K58: 28 | L58: 1 | N58: 39.5 | O58: 1.98 | P58: 0.03
A59: 32 | B59: Цена поставщика | C59: ВС20-2-0-ББ Выключатель одноклавишный для открытой установки Серия "БРИКС" EVB20-K01-10-DC (Ц:54,75руб:1,18:5,56) | D59: шт. | E59: 3 | F59: 8.35 | J59: 25
A60: 33 | B60: ТЕРм08-03-591-04 | C60: Выключатель двухклавишный неутопленного типа при открытой проводке | D60: 100 шт. | E60: 0.03 | F60: 801.67 | G60: 613.28 | H60: 29.99 | I60: 0.73 | J60: 24 | K60: 18 | L60: 1 | N60: 43.9 | O60: 1.32 | P60: 0.04
A61: 34 | B61: Цена поставщика | C61: ВС20-1-0-ГБ выкл 1кл о/у IP44 (цвет клавиши: белый) ГЕРМЕС (цвет клавиши: белый) EVM10-K01-10-44-EC (Ц:127,48руб:1,18:5,56) | D61: шт. | E61: 3 | F61: 19.43 | J61: 58
A62: 35 | B62: ТЕРм08-03-591-03 | C62: Выключатель полугерметический и герметический | D62: 100 шт. | E62: 0.03 | F62: 1658.29 | G62: 1061.72 | H62: 70.85 | I62: 1.82 | J62: 50 | K62: 32 | L62: 2 | N62: 76 | O62: 2.28 | P62: 0.1
A63: 36 | B63: Цена поставщика | C63: Светильник ЛСП22 2х36-512 1022236512 (Ц:2876руб:1,18:5,56) | D63: шт. | E63: 6 | F63: 438.36 | J63: 2630
A64: 37 | B64: ТЕРм08-03-594-02 | C64: Светильник отдельно устанавливаемый на штырях с количеством ламп в светильнике 2 | D64: 100 шт. | E64: 0.06 | F64: 6855.13 | G64: 1620.52 | H64: 2228.22 | I64: 710.91 | J64: 411 | K64: 97 | L64: 134 | M64: 43 | N64: 116 | O64: 6.96 | P64: 45.08 | Q64: 2.7
A65: 38 | B65: Цена поставщика | C65: Д2х36/40 (отражатель к ЛСП22-2х58) 1010021236 (Ц:391руб:1,18:5,56) | D65: шт. | E65: 6 | F65: 59.6 | J65: 358
A66: 39 | B66: Цена поставщика | C66: Герметичный ламподержатель к ЛСП22-2х58 1039042638 (Ц:276руб:1,18:5,56) | D66: шт. | E66: 6 | F66: 42.07 | J66: 252
A67: 40 | B67: Цена поставщика | C67: Кабельный ввод IP65 PG21 к ЛСП22-2х58 1029040721 (Ц:29руб:1,18:5,56) | D67: шт. | E67: 6 | F67: 4.42 | J67: 27
A68: 41 | B68: Цена поставщика | C68: Подвес на трос, комплект к ЛСП22-2х58 1003010060 (Ц:88руб:1,18:5,56) | D68: шт. | E68: 12 | F68: 13.41 | J68: 161
A69: 42 | B69: ФССЦ-509-2389 прим. | C69: Светильники люминесцентные с зеркальной параболической решеткой потолочные типа PRBLUX/R 418 с ЭПРА КОЭФ. К ПОЗИЦИИ: Приведение расценок ФЕР к территориальному уровню (Письмо УРЦЦС Ц-297 от 12.04.2011) ОЗП=1,41; ЭМ=1,242; ЗПМ=1,41; МАТ=1,052 | D69: шт. | E69: 22 | F69: 620.76 | J69: 13657
A70: 43 | B70: ФССЦ-509-2343 прим. | C70: Светильники люминесцентные встраиваемые типа OWS/R 418 с ЭПРА КОЭФ. К ПОЗИЦИИ: Приведение расценок ФЕР к территориальному уровню (Письмо УРЦЦС Ц-297 от 12.04.2011) ОЗП=1,41; ЭМ=1,242; ЗПМ=1,41; МАТ=1,052 | D70: шт. | E70: 10 | F70: 585.57 | J70: 5856
A71: 44 | B71: ТЕРм08-03-594-17 | C71: Светильник в подвесных потолках, устанавливаемый на закладных деталях, количество ламп в светильнике до 4 | D71: 100 шт. | E71: 0.32 | F71: 4831.46 | G71: 2291.08 | H71: 2395.55 | I71: 918.65 | J71: 1546 | K71: 733 | L71: 767 | M71: 294 | N71: 164 | O71: 52.48 | P71: 58.55 | Q71: 18.74
A72: 45 | B72: ФССЦ-509-2320 прим. | C72: Светильники люминесцентные с зеркальной экранирующей решеткой встраиваемые типа ASТ/R 218 с ЭПРА КОЭФ. К ПОЗИЦИИ: Приведение расценок ФЕР к территориальному уровню (Письмо УРЦЦС Ц-297 от 12.04.2011) ОЗП=1,41; ЭМ=1,242; ЗПМ=1,41; МАТ=1,052 | D72: шт. | E72: 4 | F72: 362.4 | J72: 1450
A73: 46 | B73: ТЕРм08-03-594-16 | C73: Светильник в подвесных потолках, устанавливаемый на закладных деталях, количество ламп в светильнике до 2 | D73: 100 шт. | E73: 0.04 | F73: 3586.49 | G73: 1662.43 | H73: 1791.8 | I73: 681.1 | J73: 143 | K73: 66 | L73: 72 | M73: 27 | N73: 119 | O73: 4.76 | P73: 43.41 | Q73: 1.74
A74: 47 | B74: ФССЦ-509-2393 прим. | C74: Светильники люминесцентные с призматическим рассеивателем потолочные типа PRS/S 238 с ЭМПРА КОЭФ. К ПОЗИЦИИ: Приведение расценок ФЕР к территориальному уровню (Письмо УРЦЦС Ц-297 от 12.04.2011) ОЗП=1,41; ЭМ=1,242; ЗПМ=1,41; МАТ=1,052 | D74: шт. | E74: 9 | F74: 620.76 | J74: 5587
A75: 48 | B75: ТЕРм08-03-594-02 | C75: Светильник отдельно устанавливаемый на штырях с количеством ламп в светильнике 2 | D75: 100 шт. | E75: 0.09 | F75: 6855.13 | G75: 1620.52 | H75: 2228.22 | I75: 710.91 | J75: 617 | K75: 146 | L75: 201 | M75: 64 | N75: 116 | O75: 10.44 | P75: 45.08 | Q75: 4.06
A76: 49 | B76: ТСЦ-509-0696 | C76: Лампы люминесцентные | D76: 10 шт. | E76: 16.6 | F76: 113.9 | J76: 1891
A77: 50 | B77: ТСЦ-509-0064 | C77: Профиль монтажный | D77: м | E77: 12 | F77: 51.17 | J77: 614
A78: 51 | B78: ТСЦ-509-0067 прим. | C78: Профиль монтажный (крепление) | D78: шт. | E78: 4 | F78: 76.4 | J78: 306
A79: 52 | B79: ТЕРм08-02-472-06 | C79: Проводник заземляющий открыто по строительным основаниям из полосовой стали сечением 100 мм2 | D79: 100 м | E79: 0.9 | F79: 1351.39 | G79: 251.75 | H79: 85.67 | I79: 3.46 | J79: 1216 | K79: 227 | L79: 77 | M79: 3 | N79: 19 | O79: 17.1 | P79: 0.19 | Q79: 0.17
A80: 53 | B80: ТЕРм08-02-401-01 | C80: Кабель двух-четырехжильный сечением жилы до 16 мм2 с креплением накладными скобами, полосками с установкой ответвительных коробок | D80: 100 м | E80: 0.45 | F80: 4032.86 | G80: 683.7 | H80: 957.86 | I80: 390.47 | J80: 1815 | K80: 308 | L80: 431 | M80: 176 | N80: 51.6 | O80: 23.22 | P80: 24.95 | Q80: 11.23
A81: 54 | B81: ТЕРм08-02-402-01 | C81: Кабель двух-четырехжильный по установленным конструкциям и лоткам с установкой ответвительных коробок в помещениях с нормальной средой сечением жилы до 10 мм2 | D81: 100 м | E81: 4.7 | F81: 1131.61 | G81: 202.73 | H81: 704.04 | I81: 87.33 | J81: 5319 | K81: 953 | L81: 3309 | M81: 410 | N81: 15.3 | O81: 71.91 | P81: 5.28 | Q81: 24.82
A82: 55 | B82: ФССЦ-501-8461 | C82: Кабель силовой с медными жилами с поливинилхлоридной изоляцией и оболочкой, не распространяющий горение марки ВВГнг, напряжением 0,66 кВ, с числом жил - 5 и сечением 16 мм2 КОЭФ. К ПОЗИЦИИ: Приведение расценок ФЕР к территориальному уровню (Письмо УРЦЦС Ц-297 от 12.04.2011) ОЗП=1,41; ЭМ=1,242; ЗПМ=1,41; МАТ=1,052 | D82: 1000 м | E82: 0.0204 | F82: 50157.39 | J82: 1023
A83: 56 | B83: ФССЦ-501-8459 | C83: Кабель силовой с медными жилами с поливинилхлоридной изоляцией и оболочкой, не распространяющий горение марки ВВГнг, напряжением 0,66 кВ, с числом жил - 5 и сечением 6 мм2 КОЭФ. К ПОЗИЦИИ: Приведение расценок ФЕР к территориальному уровню (Письмо УРЦЦС Ц-297 от 12.04.2011) ОЗП=1,41; ЭМ=1,242; ЗПМ=1,41; МАТ=1,052 | D83: 1000 м | E83: 0.005 | F83: 19610.82 | J83: 98
A84: 57 | B84: ФССЦ-501-8457 | C84: Кабель силовой с медными жилами с поливинилхлоридной изоляцией и оболочкой, не распространяющий горение марки ВВГнг, напряжением 0,66 кВ, с числом жил - 5 и сечением 2,5 мм2 КОЭФ. К ПОЗИЦИИ: Приведение расценок ФЕР к территориальному уровню (Письмо УРЦЦС Ц-297 от 12.04.2011) ОЗП=1,41; ЭМ=1,242; ЗПМ=1,41; МАТ=1,052 | D84: 1000 м | E84: 0.0663 | F84: 8306.44 | J84: 551
A85: 58 | B85: ФССЦ-501-8456 | C85: Кабель силовой с медными жилами с поливинилхлоридной изоляцией и оболочкой, не распространяющий горение марки ВВГнг, напряжением 0,66 кВ, с числом жил - 5 и сечением 1,5 мм2 КОЭФ. К ПОЗИЦИИ: Приведение расценок ФЕР к территориальному уровню (Письмо УРЦЦС Ц-297 от 12.04.2011) ОЗП=1,41; ЭМ=1,242; ЗПМ=1,41; МАТ=1,052 | D85: 1000 м | E85: 0.0612 | F85: 5143.45 | J85: 315
A86: 59 | B86: ФССЦ-501-8443 | C86: Кабель силовой с медными жилами с поливинилхлоридной изоляцией и оболочкой, не распространяющий горение марки ВВГнг, напряжением 0,66 кВ, с числом жил - 3 и сечением 2,5 мм2 КОЭФ. К ПОЗИЦИИ: Приведение расценок ФЕР к территориальному уровню (Письмо УРЦЦС Ц-297 от 12.04.2011) ОЗП=1,41; ЭМ=1,242; ЗПМ=1,41; МАТ=1,052 | D86: 1000 м | E86: 0.4131 | F86: 5064.35 | J86: 2092
A87: 60 | B87: ФССЦ-501-8442 | C87: Кабель силовой с медными жилами с поливинилхлоридной изоляцией и оболочкой, не распространяющий горение марки ВВГнг, напряжением 0,66 кВ, с числом жил - 3 и сечением 1,5 мм2 КОЭФ. К ПОЗИЦИИ: Приведение расценок ФЕР к территориальному уровню (Письмо УРЦЦС Ц-297 от 12.04.2011) ОЗП=1,41; ЭМ=1,242; ЗПМ=1,41; МАТ=1,052 | D87: 1000 м | E87: 0.3366 | F87: 3194.61 | J87: 1075
A88: 61 | B88: ФССЦ-501-1648 | C88: Кабели контрольные с медными жилами с поливинилхлоридной изоляцией и оболочкой, не распространяющие горение марки КВВГнг, с числом жил - 4 и сечением 1,5 мм2 КОЭФ. К ПОЗИЦИИ: Приведение расценок ФЕР к территориальному уровню (Письмо УРЦЦС Ц-297 от 12.04.2011) ОЗП=1,41; ЭМ=1,242; ЗПМ=1,41; МАТ=1,052 | D88: 1000 м | E88: 0.0459 | F88: 8258.96 | J88: 379
A89: 62 | B89: ТЕРм08-02-407-01 | C89: Труба стальная по установленным конструкциям, по стенам с креплением скобами, диаметр до 25 мм | D89: 100 м | E89: 0.1 | F89: 2527.2 | G89: 408.1 | H89: 897.93 | I89: 320.97 | J89: 253 | K89: 41 | L89: 90 | M89: 32 | N89: 30.8 | O89: 3.08 | P89: 20.47 | Q89: 2.05
A90: 63 | B90: ТСЦ-103-0002 | C90: Трубы стальные сварные водогазопроводные с резьбой черные легкие (неоцинкованные) диаметр условного прохода 20 мм, толщина стенки 2,5 мм | D90: м | E90: 10 | F90: 14.72 | J90: 147
A91: 64 | B91: ТЕРм08-02-148-01 | C91: Кабель до 35 кВ в проложенных трубах, масса 1 м кабеля до 1 кг | D91: 100 м кабеля | E91: 0.1 | F91: 798.84 | G91: 168.02 | H91: 544.81 | I91: 57.87 | J91: 80 | K91: 17 | L91: 54 | M91: 6 | N91: 12.4 | O91: 1.24 | P91: 3.39 | Q91: 0.34
A92: 65 | B92: ТЕРм08-02-149-01 | C92: Кабель до 35 кВ, подвешиваемый на тросе, масса 1 м кабеля до 1 кг | D92: 100 м кабеля | E92: 0.1 | F92: 4535.61 | G92: 231.71 | H92: 2581.44 | I92: 295.76 | J92: 454 | K92: 23 | L92: 258 | M92: 30 | N92: 17.1 | O92: 1.71 | P92: 16.44 | Q92: 1.64
A93: 66 | B93: ТСЦ-508-0086 | C93: Канат двойной свивки типа ТК, конструкции 6х19(1+6+12)+1 о.с., без покрытия из проволок марки В, маркировочная группа 1770 н/мм2, диаметром 5,8 мм | D93: 10 м | E93: 2 | F93: 72.65 | J93: 145
A94: 67 | B94: ТЕРм08-02-413-01 | C94: Провод (кабель), количество проводов в резинобитумной трубке до 2, сечение провода до 6 мм2 | D94: 100 м трубок | E94: 3.95 | F94: 1497.34 | G94: 267.65 | H94: 64.3 | I94: 4 | J94: 5914 | K94: 1057 | L94: 254 | M94: 16 | N94: 20.2 | O94: 79.79 | P94: 0.22 | Q94: 0.87
A95: 68 | B95: ТСЦ-301-1380 | C95: Трубки защитные гофрированные | D95: м | E95: 395 | F95: 10.01 | J95: 3954
A96: 69 | B96: ФЕРм08-02-390-01 | C96: Короба пластмассовые: шириной до 40 мм КОЭФ. К ПОЗИЦИИ: Приведение расценок ФЕР к территориальному уровню (Письмо УРЦЦС Ц-297 от 12.04.2011) ОЗП=1,41; ЭМ=1,242; ЗПМ=1,41; МАТ=1,052 | D96: 100 м | E96: 2.45 | F96: 311.4 | G96: 218.44 | H96: 38.75 | I96: 0.17 | J96: 763 | K96: 535 | L96: 95 | N96: 16.29 | O96: 39.91 | P96: 0.01 | Q96: 0.02
A97: 70 | B97: Цена поставщика | C97: Кабель-канал 25х16 "ЭЛЕКОР" CKK10-025-016-1-K01 (Ц:25,40руб:1,18:5.56) | D97: м | E97: 245 | F97: 3.87 | J97: 948
A98: 71 | B98: Цена поставщика | C98: Соединитель на стык КМС 25х16 "ЭЛЕКОР" CKK10D-S-025-016-K01 (Ц:9,44руб:1,18:5.56) | D98: шт | E98: 110 | F98: 1.44 | J98: 158
A99: 72 | B99: Цена поставщика | C99: Заглушка КМЗ 25х16 "ЭЛЕКОР" CKK10D-Z-025-016-K01 (Ц:9,44руб:1,18:5.56) | D99: шт | E99: 110 | F99: 1.44 | J99: 158
A100: 73 | B100: Цена поставщика | C100: Поворот 90 гр. КМП 25х16 "ЭЛЕКОР" CKK10D-P-025-016-K01 (Ц:10,30руб:1,18:5.56) | D100: шт | E100: 25 | F100: 1.57 | J100: 39
A101: 74 | B101: Цена поставщика | C101: Внутренний угол КМВ 25х16 "ЭЛЕКОР" CKK10D-V-025-016-K01 (Ц:10,30руб:1,18:5.56) | D101: шт | E101: 25 | F101: 1.57 | J101: 39
A102: 75 | B102: Цена поставщика | C102: Внешний угол КМН 25х16 "ЭЛЕКОР" CKK10D-N-025-016-K01 (Ц:10,30руб:1,18:5.56) | D102: шт | E102: 25 | F102: 1.57 | J102: 39
...

Sheet 24856
A1: СОГЛАСОВАНО: | E1: ФГУП "Комбинат "Электрохимприбор" | M1: УТВЕРЖДАЮ:
G2: (наименование стройки) | M2: Зам. генерального директора
M3: Е.В.Гордеев
A4: _________________ | M4: _________________
A5: " _____ " ________________ 2014 г. | M5: "______ " __________2014 г.
G6: ЛОКАЛЬНЫЙ СМЕТНЫЙ РАСЧЕТ № 24856
G7: (локальная смета)
C9: на | D9: строительно-монтажные работы по реконструкции участка радиографии и ультрозвукового
D10: контроля лаборатории №6 ЦЛК. Площадка 1. Здание 301. инв.№ 5731020
E11: Раздел: автоматическая пожарная сигнализация.
H12: (наименование работ и затрат, наименование объекта)
D13: Основание: проект № 24590-13-ПС Тема КПМ Ж6280.010
D14: Сметная стоимость _______________________________________________________________________________________________ | J14: ___________________________10,433 | L14: тыс. руб.
D15: монтажных работ _______________________________________________________________________________________________ | J15: _______________________________________________________________________________________________7,989 | L15: тыс. руб.
D16: прочих (ПНР "в холостую") _______________________________________________________________________________________________ | J16: _______________________________________________________________________________________________2,444 | L16: тыс. руб.
D17: Средства на оплату труда _______________________________________________________________________________________________ | J17: ___________________________2,720 | L17: тыс. руб.
D18: Сметная трудоемкость _______________________________________________________________________________________________ | J18: _______________________________________________________________________________________________173,73 | L18: чел.час
D19: Материалы ______________________________________ | K19: =J81/1000 -> 4.053 | L19: тыс.руб.
D20: Составлен(а) в базовых ценах 2001г. в редакции 2009г.
A22: № пп | B22: Обоснование | C22: Наименование | D22: Ед. изм. | E22: Кол. | F22: Стоимость единицы, руб. | J22: Общая стоимость, руб. | N22: Т/з осн. раб.на ед. | O22: Т/з осн. раб. Всего | P22: Т/з мех. на ед. | Q22: Т/з мех. Всего
F23: Всего | G23: В том числе | J23: Всего | K23: В том числе
G24: Осн.З/п | H24: Эк.Маш | I24: З/пМех | K24: Осн.З/п | L24: Эк.Маш | M24: З/пМех
A25: 1 | B25: 2 | C25: 3 | D25: 4 | E25: 5 | F25: 6 | G25: 7 | H25: 8 | I25: 9 | J25: 10 | K25: 11 | L25: 12 | M25: 13 | N25: 14 | O25: 15 | P25: 16 | Q25: 17
A26: Раздел 1. Монтажные работы
A27: 1 | B27: Цена поставщика | C27: Метка пожарная адресная МА-7ТСН (Ц:590руб :1,18:5,56) | D27: шт | E27: 3 | F27: 89.93 | J27: 270
A28: 2 | B28: ТЕРм10-08-003-05 прим. | C28: Монтаж: метка адресная "Юнитроник" | D28: 1 шт. | E28: 2 | F28: 86.32 | G28: 78.05 | H28: 0.37 | J28: 173 | K28: 156 | L28: 1 | N28: 5.76 | O28: 11.52
A29: 3 | B29: Цена поставщика | C29: Дымовой извещатель "ИП-212-92" (Ц:595руб :1,18:5,56) | D29: шт | E29: 9 | F29: 90.69 | J29: 816
A30: 4 | B30: ТЕРм10-08-002-02 | C30: Извещатель ПС автоматический дымовой, фотоэлектрический, радиоизотопный, световой в нормальном исполнении | D30: 1 шт. | E30: 8 | F30: 28.38 | G30: 22.76 | H30: 0.46 | J30: 227 | K30: 182 | L30: 4 | N30: 1.68 | O30: 13.44
A31: 5 | B31: Цена поставщика | C31: Извещатель пожарный ручной "ИПР-3СУ" (Ц:171,93руб :1,18:5,56) | D31: шт | E31: 4 | F31: 26.21 | J31: 105
A32: 6 | B32: ТЕРм10-04-066-05 | C32: Монтаж: извещатель пожарный ручной | D32: 1 шт. | E32: 3 | F32: 13.89 | G32: 12.78 | J32: 42 | K32: 38 | N32: 1 | O32: 3
A33: 7 | B33: Цена поставщика | C33: Светоуказатель Выход "Люкс-24" (Ц:165руб :1,18:5,56) | D33: шт | E33: 3 | F33: 25.15 | J33: 75
A34: 8 | B34: ТЕРм10-04-066-06 | C34: Монтаж: оповещатель световой | D34: 1 шт. | E34: 2 | F34: 98.76 | G34: 74.88 | J34: 198 | K34: 150 | N34: 6 | O34: 12
A35: 9 | B35: Цена поставщика | C35: Оповещатель "Маяк-24-3М" (Ц:293,64руб :1,18:5,56) | D35: шт | E35: 4 | F35: 44.76 | J35: 179
A36: 10 | B36: ТЕРм10-04-066-05 | C36: Монтаж: оповещатель звуковой | D36: 1 шт. | E36: 3 | F36: 13.89 | G36: 12.78 | J36: 42 | K36: 38 | N36: 1 | O36: 3
A37: 11 | B37: ФССЦ-509-1843 прим. | C37: Кабель-канал (короб) 40х26 мм КОЭФ. К ПОЗИЦИИ: Приведение расценок ФЕР к территориальному уровню (Письмо УРЦЦС Ц-297 от 12.04.2011) ОЗП=1,41; ЭМ=1,242; ЗПМ=1,41; МАТ=1,052 | D37: м | E37: 17 | F37: 30.1 | J37: 512
A38: 12 | B38: ФССЦ-509-1841 прим. | C38: Кабель-канал (короб) 25х16 мм КОЭФ. К ПОЗИЦИИ: Приведение расценок ФЕР к территориальному уровню (Письмо УРЦЦС Ц-297 от 12.04.2011) ОЗП=1,41; ЭМ=1,242; ЗПМ=1,41; МАТ=1,052 | D38: м | E38: 66 | F38: 7.52 | J38: 496
A39: 13 | B39: ФЕРм08-02-390-01 | C39: Короба пластмассовые: шириной до 40 мм КОЭФ. К ПОЗИЦИИ: Приведение расценок ФЕР к территориальному уровню (Письмо УРЦЦС Ц-297 от 12.04.2011) ОЗП=1,41; ЭМ=1,242; ЗПМ=1,41; МАТ=1,052 | D39: 100 м | E39: 0.75 | F39: 311.4 | G39: 218.44 | H39: 38.75 | I39: 0.17 | J39: 234 | K39: 164 | L39: 29 | N39: 16.29 | O39: 12.22 | P39: 0.01 | Q39: 0.01
A40: 14 | B40: Цена поставщика | C40: Кабель для информационных сетей UT 105нг(А)-FRLS FE180 1х2х0,5мм (Ц:17500руб :1,18:5,56) | D40: 1000м | E40: 0.099 | F40: 2667.36 | J40: 264
A41: 15 | B41: Цена поставщика | C41: Кабель КПСнг(А)-FRLS 1х2х0,5 (Ц:31250руб :1,18:5,56) | D41: 1000 м | E41: 0.011 | F41: 4763.14 | J41: 52
A42: 16 | B42: Цена поставщика | C42: Кабель КПСнг(А)-FRLS 1х2х1,0 (Ц:48942руб :1,18:5,56) | D42: 1000 м | E42: 0.055 | F42: 7459.76 | J42: 410
A43: 17 | B43: ТЕРм08-02-399-01 | C43: Провод (кабель) в коробах, сечением до 6 мм2 | D43: 100 м | E43: 1.5 | F43: 189.23 | G43: 46.64 | H43: 56.09 | I43: 24.55 | J43: 284 | K43: 70 | L43: 84 | M43: 37 | N43: 3.52 | O43: 5.28 | P43: 1.57 | Q43: 2.36
A44: 18 | B44: ТСЦ-509-0584 | C44: Резисторы, диоды | D44: шт. | E44: 20 | F44: 1.19 | J44: 24
A45: 19 | B45: ТЕРм11-03-001-01 | C45: Монтаж: резисторы, диоды | D45: 1 шт. | E45: 17 | F45: 8.41 | G45: 7.26 | J45: 143 | K45: 123 | N45: 0.52 | O45: 8.84
A46: 20 | B46: ФССЦ-503-0530 | C46: Разветвительная коробка КОЭФ. К ПОЗИЦИИ: Приведение расценок ФЕР к территориальному уровню (Письмо УРЦЦС Ц-297 от 12.04.2011) ОЗП=1,41; ЭМ=1,242; ЗПМ=1,41; МАТ=1,052 | D46: шт. | E46: 10 | F46: 10.96 | J46: 110
A47: 21 | B47: ФССЦ-503-0461 | C47: Разветвительная коробка КОЭФ. К ПОЗИЦИИ: Приведение расценок ФЕР к территориальному уровню (Письмо УРЦЦС Ц-297 от 12.04.2011) ОЗП=1,41; ЭМ=1,242; ЗПМ=1,41; МАТ=1,052 | D47: шт. | E47: 1 | F47: 21.9 | J47: 22
A48: 22 | B48: ТЕРм10-04-030-04 | C48: Дополнительная установка на пультах и панелях колодки клеммной на 20 клемм | D48: 1 шт. | E48: 11 | F48: 27.06 | G48: 11.51 | J48: 298 | K48: 127 | N48: 1 | O48: 11
A49: 23 | B49: ТСЦ-509-0213 прим. | C49: Клеммная колодка | D49: шт. | E49: 12 | F49: 16.64 | J49: 200
A50: Раздел 2. Пусконаладочные работы (в холостую 80%)
A51: Пусконаладочные работы пожарной сигнализации и СОУЭ
A52: 24 | B52: ТЕРп01-10-001-01 | C52: Сбор и реализация сигналов информации устройств защиты, автоматики электрических и технологических режимов КОЭФ. К ПОЗИЦИИ: 0.10 При выполнении пусконаладочных работ на высоте от 2 до 8м ОЗП=1,1; ТЗ=1,1 | D52: 1 сигнал | E52: 16 | F52: 27.19 | G52: 27.19 | J52: 435 | K52: 435 | N52: 1.65 | O52: 26.4
A53: 25 | B53: ТЕРп01-10-010-01 | C53: Схема контроля изоляции электрической сети с помощью электроизмерительных приборов | D53: 1 схема | E53: 2 | F53: 95.38 | G53: 95.38 | J53: 191 | K53: 191 | N53: 6 | O53: 12
A54: 26 | B54: ТЕРп02-01-002-01 | C54: Автоматизированная система управления II категории технической сложности с количеством каналов (Кобщ) 2 | D54: 1 система | E54: 1 | F54: 366.98 | G54: 366.98 | J54: 367 | K54: 367 | N54: 17.6 | O54: 17.6
A55: Пусконаладочные работы автоматического отключения вентиляции при пожаре
A56: 27 | B56: ТЕРп01-09-010-03 | C56: Функциональная группа управления релейно-контакторная с общим числом внешних блокировочных связей до 10 | D56: 1 шт. | E56: 1 | F56: 250.28 | G56: 250.28 | J56: 250 | K56: 250 | N56: 15 | O56: 15
A57: Итого прямые затраты по смете в ценах 2001г. | J57: 6419 | K57: 2291 | L57: 118 | M57: 37 | O57: 151.3 | Q57: 2.37
A58: Итого прямые затраты по смете с учетом коэффициентов к итогам | J58: 6882 | K58: 2667 | L58: 162 | M58: 53 | O58: 173.73 | Q58: 3.2
A59: В том числе, справочно:
A60: Районный к-т 4,3% (Поз. 2, 4, 19, 6, 8, 10, 22, 13, 17, 24-27) | J60: 100 | K60: 99 | L60: 2 | M60: 2
A61: Заготовительно-складские расходы на материалы - согласно п.4.64 из МДС 81-35.2004 МАТ=1,02 (Поз. 1, 5, 9, 3, 7, 14-16) | J61: 43
A62: 2. Производство монтажных работ в существующих зданиях и сооружениях в стесненных условиях ОЗП=1,35; ЭМ=1,35; ЗПМ=1,35; ТЗ=1,35; ТЗМ=1,35 (Поз. 2, 4, 19, 6, 8, 10, 22, 13, 17) | J62: 424 | K62: 383 | L62: 42 | M62: 14 | O62: 28.105 | Q62: 0.8295
A63: 3. ПНР на действующих предприятиях в зданиях при наличии в зоне производства работ загромождающих помещения предметов ОЗП=1,15; ТЗ=1,15 (Поз. 24-27) | J63: 194 | K63: 194 | O63: 10.65
A64: Пусконаладочные работы (в холостую 80%) ПЗ=0,8 (ОЗП=0,8; ЭМ=0,8; ЗПМ=0,8; МАТ=0,8; ТЗ=0,8; ТЗМ=0,8) (Поз. 24-27) | J64: -298 | K64: -298 | O64: -16.33
A65: Накладные расходы | J65: 2114
A66: В том числе, справочно:
A67: 65% ФОТ (от 1192) (Поз. 24-27) | J67: 775
A68: 80% ФОТ (от 649) (Поз. 2, 4, 19) | J68: 519
A69: 92% ФОТ (от 497) (Поз. 6, 8, 10, 22) | J69: 457
A70: 95% ФОТ (от 382) (Поз. 13, 17) | J70: 363
A71: Сметная прибыль | J71: 1437
A72: В том числе, справочно:
A73: 40% ФОТ (от 1192) (Поз. 24-27) | J73: 477
A74: 60% ФОТ (от 649) (Поз. 2, 4, 19) | J74: 389
A75: 65% ФОТ (от 879) (Поз. 6, 8, 10, 22, 13, 17) | J75: 571
A76: Итоги по смете:
A77: Итого Монтажные работы | J77: 7989 | O77: 108.41 | Q77: 3.2
A78: Итого Прочие затраты | J78: 2444 | O78: 65.32
A79: Итого | J79: 10433 | O79: 173.73 | Q79: 3.2
A80: В том числе:
A81: Материалы | J81: 4053
A82: Машины и механизмы | J82: =162-M58 -> 109
A83: ФОТ | J83: 2720
A84: Накладные расходы | J84: 2114
A85: Сметная прибыль | J85: 1437
A86: ВСЕГО по смете | J86: =SUM(J81:J85) -> 10433 | O86: 173.73 | Q86: 3.2
B88: Начальник отд. 078 _________________________ Т.М.Ковязина | I88: Составил инженер-сметчик __________________ В.В.Воронкова
I89: 12.04.13 г.

Sheet 24857
A1: СОГЛАСОВАНО: | E1: ФГУП "Комбинат "Электрохимприбор" | M1: УТВЕРЖДАЮ:
G2: (наименование стройки) | M2: Зам. генерального директора
M3: Е.В.Гордеев
A4: _________________ | M4: _________________
A5: " _____ " ________________ 2014 г. | M5: "______ " __________2014 г.
G6: ЛОКАЛЬНЫЙ СМЕТНЫЙ РАСЧЕТ № 24857
G7: (локальная смета)
C9: на | D9: строительно-монтажные работы по реконструкции участка радиографии и ультрозвукового
D10: контроля лаборатории №6 ЦЛК. Площадка 1. Здание 301. инв.№ 5731020
E11: Раздел: Водопровод и канализация
H12: (наименование работ и затрат, наименование объекта)
D13: Основание: проект № 24588-13-ВК Тема КПМ Ж6280.0010
D14: Сметная стоимость строительных работ _______________________________________________________________________________________________ | J14: ___________________________27,668 | L14: тыс. руб.
D15: Средства на оплату труда _______________________________________________________________________________________________ | J15: ___________________________3,735 | L15: тыс. руб.
D16: Сметная трудоемкость _______________________________________________________________________________________________ | J16: _______________________________________________________________________________________________262,03 | L16: чел.час
D17: Материалы ______________________________________ | K17: =J103/1000 -> 15.061 | L17: тыс.руб.
D18: Составлен(а) в базовых ценах 2001г. в редакции 2009г.
A20: № пп | B20: Обоснование | C20: Наименование | D20: Ед. изм. | E20: Кол. | F20: Стоимость единицы, руб. | J20: Общая стоимость, руб. | N20: Т/з осн. раб.на ед. | O20: Т/з осн. раб. Всего | P20: Т/з мех. на ед. | Q20: Т/з мех. Всего
F21: Всего | G21: В том числе | J21: Всего | K21: В том числе
G22: Осн.З/п | H22: Эк.Маш | I22: З/пМех | K22: Осн.З/п | L22: Эк.Маш | M22: З/пМех
A23: 1 | B23: 2 | C23: 3 | D23: 4 | E23: 5 | F23: 6 | G23: 7 | H23: 8 | I23: 9 | J23: 10 | K23: 11 | L23: 12 | M23: 13 | N23: 14 | O23: 15 | P23: 16 | Q23: 17
A24: Раздел 1. Разборка конструкций
A25: 1 | B25: ТЕРр65-6-19 | C25: Смена раковин | D25: 100 приборов | E25: 0.02 | F25: 14901.31 | G25: 2444.81 | H25: 104.63 | I25: 10.93 | J25: 298 | K25: 49 | L25: 2 | N25: 191.3 | O25: 3.83 | P25: 0.7 | Q25: 0.01
A26: 2 | B26: ТЕРр65-1-1 | C26: Разборка трубопроводов из водогазопроводных труб диаметром до 32 мм | D26: 100 м трубопровода | E26: 0.08 | F26: 483.12 | G26: 405.87 | H26: 8.12 | I26: 1.56 | J26: 39 | K26: 32 | L26: 1 | N26: 34.66 | O26: 2.77 | P26: 0.1 | Q26: 0.01
A27: 3 | B27: ТЕРр65-2-2 | C27: Разборка трубопроводов из чугунных канализационных труб диаметром 100 мм | D27: 100 м | E27: 0.22 | F27: 1028.82 | G27: 1015.92 | H27: 12.9 | I27: 5 | J27: 226 | K27: 224 | L27: 2 | M27: 1 | N27: 85.3 | O27: 18.77 | P27: 0.32 | Q27: 0.07
A28: Раздел 2. Водопровод
A29: 4 | B29: ТЕР16-02-002-02 | C29: Прокладка трубопроводов водоснабжения из стальных водогазопроводных оцинкованных труб диаметром 20 мм | D29: 100 м трубопровода | E29: 0.12 | F29: 5654.2 | G29: 502.3 | H29: 79.16 | I29: 2.73 | J29: 679 | K29: 60 | L29: 9 | N29: 37.07 | O29: 4.45 | P29: 0.15 | Q29: 0.02
A30: 5 | B30: ТЕР16-02-002-01 | C30: Прокладка трубопроводов водоснабжения из стальных водогазопроводных оцинкованных труб диаметром 15 мм | D30: 100 м трубопровода | E30: 0.48 | F30: 5020.27 | G30: 502.3 | H30: 79.16 | I30: 2.73 | J30: 2410 | K30: 241 | L30: 38 | M30: 1 | N30: 37.07 | O30: 17.79 | P30: 0.15 | Q30: 0.07
A31: 6 | B31: ТСЦ-301-1224 | C31: Крепления для трубопроводов: кронштейны, планки, хомуты | D31: кг | E31: 12 | F31: 17.02 | J31: 204
A32: 7 | B32: ТСЦ-302-1832 | C32: Кран шаровой муфтовый 11Б27П1, диаметром 20 мм | D32: шт. | E32: 1 | F32: 39.32 | J32: 39
A33: 8 | B33: ТСЦ-302-1831 | C33: Кран шаровой муфтовый 11Б27П1, диаметром 15 мм | D33: шт. | E33: 6 | F33: 25.14 | J33: 151
A34: 9 | B34: ТСЦ-302-1304 | C34: Вентили проходные муфтовые 15кч18п2 для воды давлением 1,6 МПа (16 кгс/см2), диаметром 20 мм | D34: шт. | E34: 1 | F34: 19.07 | J34: 19
A35: 10 | B35: ТСЦ-302-1338 | C35: Вентиль муфтовый запорный 15Б1П, диаметр 15 мм | D35: шт. | E35: 3 | F35: 22.44 | J35: 67
A36: 11 | B36: ТЕР17-01-002-03 | C36: Установка смесителей | D36: 10 шт. | E36: 0.1 | F36: 112.27 | G36: 94.85 | H36: 0.29 | J36: 11 | K36: 9 | N36: 7 | O36: 0.7
A37: 12 | B37: ТСЦ-301-0613 | C37: Смесители настенные | D37: компл. | E37: 1 | F37: 125 | J37: 125
A38: 13 | B38: ТЕР18-02-001-01 | C38: Установка водоподогревателей скоростных односекционных поверхностью нагрева одной секции до 4 м2 | D38: 1 водоподогреватель | E38: 3 | F38: 444.87 | G38: 125.34 | H38: 65.91 | I38: 0.55 | J38: 1335 | K38: 376 | L38: 198 | M38: 2 | N38: 9.25 | O38: 27.75 | P38: 0.03 | Q38: 0.09
A39: 14 | B39: Цена поставщика | C39: Водонагреватель проточный электрический ERO/G-4 (Ц:4558руб :1,18:5,56х1,02) | D39: шт. | E39: 3 | F39: 708.63 | J39: 2126
A40: 15 | B40: ТЕР13-03-002-04 | C40: Огрунтовка металлических поверхностей за один раз грунтовкой ГФ-021 | D40: 100 м2 | E40: 0.068 | F40: 417.46 | G40: 79.65 | H40: 10.15 | I40: 0.16 | J40: 28 | K40: 5 | L40: 1 | N40: 5.31 | O40: 0.36 | P40: 0.01
A41: 16 | B41: ТЕР15-04-030-04 | C41: Масляная окраска металлических поверхностей решеток, переплетов, труб диаметром менее 50 мм и т.п., количество окрасок 2 | D41: 100 м2 | E41: 0.068 | F41: 1384.09 | G41: 886.83 | H41: 3.68 | I41: 0.16 | J41: 94 | K41: 60 | N41: 71.06 | O41: 4.83 | P41: 0.01
A42: 17 | B42: ТЕР46-03-009-04 | C42: Пробивка в кирпичных стенах отверстий круглых диаметром до 25 мм при толщине стен до 38 см | D42: 100 шт. | E42: 0.02 | F42: 3846.34 | G42: 869.83 | H42: 2976.51 | I42: 329.74 | J42: 77 | K42: 17 | L42: 60 | M42: 7 | N42: 67.22 | O42: 1.34 | P42: 21.11 | Q42: 0.42
A43: 18 | B43: ТЕР46-03-009-03 | C43: Пробивка в кирпичных стенах отверстий круглых диаметром до 25 мм при толщине стен до 25 см | D43: 100 шт. | E43: 0.04 | F43: 2653.68 | G43: 592.26 | H43: 2061.42 | I43: 228.36 | J43: 106 | K43: 24 | L43: 82 | M43: 9 | N43: 45.77 | O43: 1.83 | P43: 14.62 | Q43: 0.58
A44: 19 | B44: ТЕРр69-04-01 | C44: Заделка отверстий в местах прохода трубопроводов в: стенах и перегородках оштукатуренных | D44: 100 отверстий | E44: 0.06 | F44: 1325.92 | G44: 944.71 | H44: 1.07 | I44: 0.6 | J44: 80 | K44: 57 | N44: 78.66 | O44: 4.72 | P44: 0.05
A45: 20 | B45: ТЕР16-07-005-01 | C45: Гидравлическое испытание трубопроводов систем отопления, водопровода и горячего водоснабжения диаметром до 50 мм | D45: 100 м трубопровода | E45: 0.6 | F45: 104.4 | G45: 82.16 | H45: 15.29 | J45: 63 | K45: 49 | L45: 9 | N45: 5.01 | O45: 3.01
A46: 21 | B46: ТЕР16-07-003-06 | C46: Врезка в действующие внутренние сети трубопроводов отопления и водоснабжения диаметром 50 мм | D46: 1 врезка | E46: 1 | F46: 473.69 | G46: 87.13 | H46: 9.43 | I46: 0.18 | J46: 474 | K46: 87 | L46: 9 | N46: 6.43 | O46: 6.43 | P46: 0.01 | Q46: 0.01
A47: Раздел 3. Канализация
A48: 22 | B48: ТЕР16-04-001-02 | C48: Прокладка трубопроводов канализации из полиэтиленовых труб высокой плотности диаметром 100 мм | D48: 100 м трубопровода | E48: 0.226 | F48: 8610.79 | G48: 860.55 | H48: 36.81 | I48: 1.09 | J48: 1946 | K48: 194 | L48: 8 | N48: 61.6 | O48: 13.92 | P48: 0.06 | Q48: 0.01
A49: 23 | B49: ТЕР16-04-001-01 | C49: Прокладка трубопроводов канализации из полиэтиленовых труб высокой плотности диаметром 50 мм | D49: 100 м трубопровода | E49: 0.426 | F49: 5197.98 | G49: 897.43 | H49: 15.84 | I49: 0.36 | J49: 2214 | K49: 382 | L49: 7 | N49: 64.24 | O49: 27.37 | P49: 0.02 | Q49: 0.01
A50: 24 | B50: ТСЦ-301-1224 | C50: Крепления для трубопроводов: кронштейны, планки, хомуты | D50: кг | E50: 11 | F50: 17.02 | J50: 187
A51: 25 | B51: ТЕР17-01-001-14 | C51: Установка умывальников одиночных с подводкой холодной и горячей воды | D51: 10 компл. | E51: 0.2 | F51: 407.19 | G51: 293.36 | H51: 29.83 | I51: 2.03 | J51: 81 | K51: 59 | L51: 6 | N51: 21.65 | O51: 4.33 | P51: 0.13 | Q51: 0.03
A52: 26 | B52: ТСЦ-301-0862 | C52: Умывальники полуфарфоровые и фарфоровые с кронштейнами, сифоном бутылочным латунным и выпуском, прямоугольные со скрытыми установочными поверхностями со спинкой, размером 550х420х150 мм | D52: компл. | E52: 2 | F52: 190.98 | J52: 382
A53: 27 | B53: ТСЦ-301-1527 | C53: Смесители латунный с гальванопокрытием для мойки настольный, с верхней камерой смешения | D53: шт. | E53: 2 | F53: 113.38 | J53: 227
A54: 28 | B54: ТЕРр65-6-3 прим. | C54: Установка сифонов | D54: 100 приборов | E54: 0.05 | F54: 4692.79 | G54: 975.11 | H54: 20.52 | I54: 2.03 | J54: 235 | K54: 49 | L54: 1 | N54: 76.3 | O54: 3.82 | P54: 0.13 | Q54: 0.01
A55: 29 | B55: ТЕР16-07-004-01 | C55: Врезка в действующие внутренние сети трубопроводов канализации диаметром 50 мм | D55: 1 врезка | E55: 2 | F55: 135.06 | G55: 84.67 | H55: 1.09 | J55: 270 | K55: 169 | L55: 2 | N55: 7.05 | O55: 14.1
A56: 30 | B56: ТЕР46-03-009-07 | C56: Пробивка в кирпичных стенах отверстий круглых диаметром до 50 мм при толщине стен до 38 см | D56: 100 шт. | E56: 0.02 | F56: 3944.42 | G56: 967.91 | H56: 2976.51 | I56: 329.74 | J56: 79 | K56: 19 | L56: 60 | M56: 7 | N56: 74.8 | O56: 1.5 | P56: 21.11 | Q56: 0.42
A57: 31 | B57: ТЕР46-03-009-06 | C57: Пробивка в кирпичных стенах отверстий круглых диаметром до 50 мм при толщине стен до 25 см | D57: 100 шт. | E57: 0.02 | F57: 2719.16 | G57: 657.74 | H57: 2061.42 | I57: 228.36 | J57: 54 | K57: 13 | L57: 41 | M57: 5 | N57: 50.83 | O57: 1.02 | P57: 14.62 | Q57: 0.29
A58: 32 | B58: ТЕРр69-04-01 | C58: Заделка отверстий в местах прохода трубопроводов в: стенах и перегородках оштукатуренных | D58: 100 отверстий | E58: 0.04 | F58: 1325.92 | G58: 944.71 | H58: 1.07 | I58: 0.6 | J58: 53 | K58: 38 | N58: 78.66 | O58: 3.15 | P58: 0.05
A59: Раздел 4. Наружная канализация
A60: 33 | B60: ТЕР23-03-001-03 | C60: Разборка круглых сборных железобетонных канализационных колодцев диаметром 1 м в сухих грунтах КОЭФ. К ПОЗИЦИИ: Разборка наружных сетей водопровода, канализации, теплоснабжения и газоснабжения ОЗП=0,6; ЭМ=0,6 к расх.; ЗПМ=0,6; МАТ=0 к расх.; ТЗ=0,6; ТЗМ=0,6 | D60: 10 м3 железобетонных конструкций колодца | E60: 0.135 | F60: 2821.81 | G60: 1063.48 | H60: 1758.33 | I60: 208.97 | J60: 381 | K60: 144 | L60: 237 | M60: 28 | N60: 83.21 | O60: 11.23 | P60: 11.53 | Q60: 1.56
A61: 34 | B61: ТЕР16-04-001-02 | C61: Прокладка трубопроводов канализации из полиэтиленовых труб высокой плотности диаметром 100 мм | D61: 100 м трубопровода | E61: 0.06 | F61: 1062.92 | G61: 860.55 | H61: 36.81 | I61: 1.09 | J61: 64 | K61: 52 | L61: 2 | N61: 61.6 | O61: 3.7 | P61: 0.06
A62: 35 | B62: ТСЦ-507-2017 прим. | C62: Труба ПЭ 63 SDR 26, наружный диаметр 110 мм (ГОСТ 18599-2001) | D62: 10 м | E62: 0.6 | F62: 1104.16 | J62: 662
A63: 36 | B63: ТЕР23-03-001-03 | C63: Устройство круглых сборных железобетонных канализационных колодцев диаметром 1 м в сухих грунтах | D63: 10 м3 железобетонныхколодца | E63: 0.135 | F63: 20216.39 | G63: 1772.46 | H63: 2930.56 | I63: 348.28 | J63: 2729 | K63: 239 | L63: 396 | M63: 47 | N63: 138.69 | O63: 18.72 | P63: 19.21 | Q63: 2.59
A64: 37 | B64: ТСЦ-101-2535 | C64: Люки чугунные легкий | D64: шт. | E64: 1 | F64: 511.7 | J64: 512
A65: 38 | B65: ТЕР23-04-008-01 | C65: Присоединение канализационных трубопроводов к существующей сети в грунтах сухих | D65: 1 врезка | E65: 1 | F65: 279.29 | G65: 215.22 | J65: 279 | K65: 215 | N65: 16.84 | O65: 16.84
A66: Земляные работы
A67: 39 | B67: ТЕР23-01-001-01 | C67: Устройство основания под трубопроводы песчаного | D67: 10 м3 основания | E67: 0.06 | F67: 1636.02 | G67: 117.4 | H67: 26.91 | I67: 5.47 | J67: 98 | K67: 7 | L67: 2 | N67: 10.2 | O67: 0.61 | P67: 0.35 | Q67: 0.02
A68: 40 | B68: ТЕР01-01-003-09 | C68: Разработка грунта в отвал экскаваторами «драглайн» или «обратная лопата» с ковшом вместимостью 0,65 (0,5-1) м3, группа грунтов 3 | D68: 1000 м3 грунта | E68: 0.024 | F68: 4796.33 | G68: 145.29 | H68: 4651.04 | I68: 489.16 | J68: 115 | K68: 3 | L68: 112 | M68: 12 | N68: 13.22 | O68: 0.32 | P68: 28.91 | Q68: 0.69
A69: 41 | B69: ТЕР01-02-055-09 | C69: Разработка грунта вручную с креплениями в траншеях шириной до 2 м, глубиной до 3 м, группа грунтов 3 КОЭФ. К ПОЗИЦИИ: 3.187 Доработка вручную, зачистка дна и стенок с выкидкой грунта в котлованах и траншеях, разработанных механизированным способом ОЗП=1,2; ТЗ=1,2 | D69: 100 м3 грунта | E69: 0.007 | F69: 5399.53 | G69: 5399.53 | J69: 38 | K69: 38 | N69: 457.2 | O69: 3.2
A70: 42 | B70: ТЕР01-01-033-05 | C70: Засыпка траншей и котлованов с перемещением грунта до 5 м бульдозерами мощностью 79 кВт (108 л.с.), группа грунтов 2 | D70: 1000 м3 грунта | E70: 0.016 | F70: 445.76 | H70: 445.76 | I70: 70.73 | J70: 7 | L70: 7 | M70: 1 | P70: 4.18 | Q70: 0.07
A71: 43 | B71: ТЕР01-02-061-02 | C71: Засыпка вручную траншей, пазух котлованов и ям, группа грунтов 2 | D71: 100 м3 грунта | E71: 0.007 | F71: 1027.4 | G71: 1027.4 | J71: 7 | K71: 7 | N71: 97.2 | O71: 0.68
A72: 44 | B72: ТЕР01-02-005-02 | C72: Уплотнение грунта пневматическими трамбовками, группа грунтов 3-4 | D72: 100 м3 уплотненного грунта | E72: 0.16 | F72: 721.54 | G72: 179.67 | H72: 541.87 | I72: 56.7 | J72: 115 | K72: 29 | L72: 86 | M72: 9 | N72: 14.96 | O72: 2.39 | P72: 3.63 | Q72: 0.58
A73: 45 | B73: ТЕР01-01-036-02 | C73: Планировка площадей бульдозерами мощностью 79 кВт (108 л.с.) | D73: 1000 м2 | E73: 0.04 | F73: 26.66 | H73: 26.66 | I73: 4.23 | J73: 1 | L73: 1 | P73: 0.25 | Q73: 0.01
A74: Итого прямые затраты по смете в ценах 2001г. | J74: 19387 | K74: 2947 | L74: 1379 | M74: 129 | O74: 225.48 | Q74: 7.57
A75: Итого прямые затраты по смете с учетом коэффициентов к итогам | J75: 20251 | K75: 3579 | L75: 1611 | M75: 156 | O75: 262.03 | Q75: 8.72
A76: В том числе, справочно:
A77: Районный к-т 4,3% (Поз. 1, 28, 2-5, 11, 13, 20-23, 25, 29, 34, 16-18, 30-31, 19, 32-33, 36, 38-40, 42, 44-45, 41, 43) | J77: 131 | K77: 127 | L77: 6 | M77: 6
A78: Условия производства работ ОЗП=1,2; ЭМ=1,2; ЗПМ=1,2; ТЗ=1,2; ТЗМ=1,2 (Поз. 4-5, 11, 13, 20-23, 25, 29, 34, 15-16, 33, 36, 38-40, 42, 44-45, 41, 43) | J78: 733 | K78: 506 | L78: 227 | M78: 21 | O78: 36.546 | Q78: 1.152
A79: Накладные расходы | J79: 4490
A80: В том числе, справочно:
A81: 74% ФОТ (от 268) (Поз. 2-3) | J81: 198
A82: 78% ФОТ (от 99) (Поз. 19, 32) | J82: 77
A83: 80% ФОТ (от 56) (Поз. 41, 43) | J83: 45
A84: 90% ФОТ (от 6) (Поз. 15) | J84: 5
A85: 95% ФОТ (от 68) (Поз. 40, 42, 44-45) | J85: 65
A86: 103% ФОТ (от 102) (Поз. 1, 28) | J86: 105
A87: 105% ФОТ (от 76) (Поз. 16) | J87: 80
A88: 110% ФОТ (от 105) (Поз. 17-18, 30-31) | J88: 116
A89: 128% ФОТ (от 2104) (Поз. 4-5, 11, 13, 20-23, 25, 29, 34) | J89: 2693
A90: 130% ФОТ (от 851) (Поз. 33, 36, 38-39) | J90: 1106
A91: Сметная прибыль | J91: 2927
A92: В том числе, справочно:
A93: 45% ФОТ (от 56) (Поз. 41, 43) | J93: 25
A94: 50% ФОТ (от 435) (Поз. 2-3, 19, 32, 40, 42, 44-45) | J94: 218
A95: 55% ФОТ (от 76) (Поз. 16) | J95: 42
A96: 60% ФОТ (от 102) (Поз. 1, 28) | J96: 61
A97: 70% ФОТ (от 111) (Поз. 15, 17-18, 30-31) | J97: 78
A98: 83% ФОТ (от 2104) (Поз. 4-5, 11, 13, 20-23, 25, 29, 34) | J98: 1746
A99: 89% ФОТ (от 851) (Поз. 33, 36, 38-39) | J99: 757
A100: Итоги по смете:
A101: Итого | J101: 27668 | O101: 262.03 | Q101: 8.72
A102: В том числе:
...

Sheet 24858
A1: СОГЛАСОВАНО: | E1: ФГУП "Комбинат "Электрохимприбор" | M1: УТВЕРЖДАЮ:
G2: (наименование стройки) | M2: Зам. генерального директора
M3: Е.В.Гордеев
A4: _________________ | M4: _________________
A5: " _____ " ________________ 2014 г. | M5: "______ " __________2014 г.
G6: ЛОКАЛЬНЫЙ СМЕТНЫЙ РАСЧЕТ № 24858
G7: (локальная смета)
C9: на | D9: строительно-монтажные работы по реконструкции участка радиографии и ультрозвукового
D10: контроля лаборатории №6 ЦЛК. Площадка 1. Здание 301. инв.№ 5731020
E11: Раздел: Архитектурно-строительные решения
H12: (наименование работ и затрат, наименование объекта)
D13: Основание: проект 24552-13-АС
D14: Сметная стоимость _______________________________________________________________________________________________ | J14: ___________________________1063,746 | L14: тыс. руб.
D15: строительных работ _______________________________________________________________________________________________ | J15: _______________________________________________________________________________________________1063,338 | L15: тыс. руб.
D16: монтажных работ _______________________________________________________________________________________________ | J16: _______________________________________________________________________________________________0,408 | L16: тыс. руб.
D17: Средства на оплату труда _______________________________________________________________________________________________ | J17: ___________________________61,898 | L17: тыс. руб.
D18: Сметная трудоемкость _______________________________________________________________________________________________ | J18: _______________________________________________________________________________________________4186,58 | L18: чел.час
D19: Материалы _________________________________________________________ | K19: 847,049 тыс.руб.
D20: Составлен(а) в базовых ценах 2001г. в редакции 2009г.
A22: № пп | B22: Обоснование | C22: Наименование | D22: Ед. изм. | E22: Кол. | F22: Стоимость единицы, руб. | J22: Общая стоимость, руб. | N22: Т/з осн. раб.на ед. | O22: Т/з осн. раб. Всего | P22: Т/з мех. на ед. | Q22: Т/з мех. Всего
F23: Всего | G23: В том числе | J23: Всего | K23: В том числе
G24: Осн.З/п | H24: Эк.Маш | I24: З/пМех | K24: Осн.З/п | L24: Эк.Маш | M24: З/пМех
A25: 1 | B25: 2 | C25: 3 | D25: 4 | E25: 5 | F25: 6 | G25: 7 | H25: 8 | I25: 9 | J25: 10 | K25: 11 | L25: 12 | M25: 13 | N25: 14 | O25: 15 | P25: 16 | Q25: 17
A26: Раздел 1. Разборка конструкций
A27: 1 | B27: ТЕР46-03-007-03 | C27: Пробивка проемов в конструкциях из кирпича | D27: 1 м3 | E27: 0.6 | F27: 583.75 | G27: 155.35 | H27: 428.4 | I27: 39.67 | J27: 350 | K27: 93 | L27: 257 | M27: 24 | N27: 12.3 | O27: 7.38 | P27: 2.54 | Q27: 1.52
A28: 2 | B28: ТЕР46-03-009-02 прим. | C28: Пробивка в кирпичных стенах отверстий размером до 300х250 мм КОЭФ. К ПОЗИЦИИ: При работах на высоте от опорной площадки более 1,5 м ОЗП=1,2; ЭМ=1,2 к расх.; ЗПМ=1,2; ТЗ=1,2; ТЗМ=1,2 | D28: 100 шт. | E28: 0.04 | F28: 4031.51 | G28: 827.64 | H28: 3203.87 | I28: 296.71 | J28: 161 | K28: 33 | L28: 128 | M28: 12 | N28: 63.96 | O28: 2.56 | P28: 19 | Q28: 0.76
A29: 3 | B29: ТЕР46-04-001-05 | C29: Разборка мелкоблочных стен | D29: 1 м3 | E29: 51.94 | F29: 207.62 | G29: 77.75 | H29: 129.87 | I29: 12.03 | J29: 10784 | K29: 4038 | L29: 6746 | M29: 625 | N29: 6.64 | O29: 344.88 | P29: 0.77 | Q29: 39.99
A30: 4 | B30: ТЕР46-04-012-03 | C30: Разборка деревянных заполнений проемов дверных | D30: 100 м2 | E30: 0.11 | F30: 1496.49 | G30: 1184.57 | H30: 311.92 | I30: 120.9 | J30: 165 | K30: 131 | L30: 34 | M30: 13 | N30: 103.91 | O30: 11.43 | P30: 7.74 | Q30: 0.85
A31: 5 | B31: ФЕР09-04-012-01 | C31: Разборка металлических дверных блоков КОЭФ. К ПОЗИЦИИ: Приведение расценок ФЕР к территориальному уровню (Письмо УРЦЦС Ц-297 от 12.04.2011) ОЗП=1,41; ЭМ=1,242 к расх.; ЗПМ=1,7512; МАТ=1,052 к расх.; ТЗ=1,41; ТЗМ=1,7512; Разборка металлических конструкций ОЗП=0,7; ЭМ=0,7 к расх.; ЗПМ=0,7; МАТ=0 к расх.; ТЗ=0,7; ТЗМ=0,7 | D31: 1 м2 проема | E31: 2.52 | F31: 40.08 | G31: 23.5 | H31: 16.58 | J31: 101 | K31: 59 | L31: 42 | N31: 2.37 | O31: 5.97
A32: 6 | B32: ТЕР46-04-012-01 | C32: Разборка деревянных заполнений проемов оконных с подоконными досками | D32: 100 м2 | E32: 0.334 | F32: 2461.28 | G32: 2149.36 | H32: 311.92 | I32: 120.9 | J32: 822 | K32: 718 | L32: 104 | M32: 40 | N32: 188.54 | O32: 62.97 | P32: 7.74 | Q32: 2.59
A33: 7 | B33: ТЕР46-04-011-02 | C33: Разборка покрытий полов из плиток, уложенных на растворе | D33: 100 м2 | E33: 1.75 | F33: 541.99 | G33: 464.41 | H33: 77.58 | I33: 7.19 | J33: 948 | K33: 813 | L33: 135 | M33: 13 | N33: 36.77 | O33: 64.35 | P33: 0.46 | Q33: 0.81
A34: 8 | B34: ТЕРр57-2-4 | C34: Разборка цементно-песчаной стяжки | D34: 100 м2 | E34: 1.75 | F34: 4262.51 | G34: 1335.51 | H34: 2927 | I34: 288.33 | J34: 7459 | K34: 2337 | L34: 5122 | M34: 505 | N34: 111.2 | O34: 194.6 | P34: 21 | Q34: 36.75
A35: 9 | B35: ТЕР46-04-009-02 | C35: Разборка бетонных оснований под полы на кирпичном щебне | D35: 1 м3 | E35: 1.82 | F35: 413.39 | G35: 99.68 | H35: 313.71 | I35: 29.05 | J35: 752 | K35: 181 | L35: 571 | M35: 53 | N35: 7.8 | O35: 14.2 | P35: 1.86 | Q35: 3.39
A36: 10 | B36: ТЕР09-06-001-03 | C36: Разборка стеллажей КОЭФ. К ПОЗИЦИИ: Разборка (демонтаж) металлических конструкций ОЗП=0,7; ЭМ=0,7 к расх.; ЗПМ=0,7; МАТ=0 к расх.; ТЗ=0,7; ТЗМ=0,7 | D36: 1 т | E36: 3 | F36: 951.11 | G36: 870.55 | H36: 80.56 | I36: 2.04 | J36: 2853 | K36: 2612 | L36: 241 | M36: 6 | N36: 72.49 | O36: 217.47 | P36: 0.11 | Q36: 0.33
A37: 11 | B37: СЦП1-1-27-А | C37: Погрузочные работы при автомобильных перевозках: мусор строительный КОЭФ. К ПОЗИЦИИ: Коэффициент техн.часть п.3 ПЗ=1,025 (ОЗП=1,025; ЭМ=1,025 к расх.; ЗПМ=1,025; МАТ=1,025 к расх.; ТЗ=1,025; ТЗМ=1,025) | D37: т | E37: 168.7 | F37: 2.77 | G37: 2.77 | J37: 467 | K37: 467
A38: 12 | B38: СЦП3-3-40-1 | C38: Перевозка грузов (мусора) автомобилями-самосвалами (работающими вне карьеров): расстояние 40 км, класс груза I КОЭФ. К ПОЗИЦИИ: 17 При перевозке грузов к провозной плате (тарифам) применять поправочный коэффициент ПЗ=1,37 (ОЗП=1,37; ЭМ=1,37 к расх.; ЗПМ=1,37; МАТ=1,37 к расх.; ТЗ=1,37; ТЗМ=1,37) | D38: т | E38: 168.7 | F38: 52.85 | H38: 52.85 | J38: 8916 | L38: 8916
A39: Раздел 2. Общестроительные работы
A40: Фундаменты под кирпичные перегородки
A41: 13 | B41: ТЕРр51-2-3 | C41: Разработка грунта при подводке, смене или усилении фундаментов, грунты 1-2 группы, без крепления | D41: 100 м3 грунта | E41: 0.032 | F41: 3878.43 | G41: 3877.34 | H41: 1.09 | J41: 124 | K41: 124 | N41: 346.5 | O41: 11.09
A42: 14 | B42: ТЕР08-01-002-02 | C42: Устройство основания под фундаменты щебеночного | D42: 1 м3 | E42: 0.69 | F42: 288.26 | G42: 27.62 | H42: 67.69 | I42: 7.48 | J42: 199 | K42: 19 | L42: 47 | M42: 5 | N42: 2.4 | O42: 1.66 | P42: 0.54 | Q42: 0.37
A43: 15 | B43: ТЕР06-01-001-16 | C43: Устройство фундаментов под кирпичные перегородки толщ. 120 мм | D43: 100 м3 | E43: 0.041 | F43: 70670.2 | G43: 2650.13 | H43: 7038.24 | I43: 496.22 | J43: 2897 | K43: 109 | L43: 289 | M43: 20 | N43: 220.66 | O43: 9.05 | P43: 27.31 | Q43: 1.12
A44: 16 | B44: ТСЦ-204-0012 | C44: Горячекатаная арматурная сталь периодического профиля класса А-II, диаметром 12 мм | D44: т | E44: 0.07 | F44: 4504.33 | J44: 315
A45: 17 | B45: ТЕР08-01-003-03 | C45: Гидроизоляция стен, фундаментов горизонтальная оклеечная в 2 слоя | D45: 100 м2 | E45: 0.094 | F45: 4988.12 | G45: 241.4 | H45: 220.12 | J45: 469 | K45: 23 | L45: 21 | N45: 20.1 | O45: 1.89
A46: Стены и перегородки
A47: 18 | B47: ТЕРр69-2-1 | C47: Сверление отверстий в кирпичных стенах электроперфоратором диаметром до 20 мм, толщина стен 0,5 кирпича под ерши | D47: 100 отверстий | E47: 3.94 | F47: 83.02 | G47: 65.93 | H47: 17.09 | J47: 327 | K47: 260 | L47: 67 | N47: 5.49 | O47: 21.63
A48: 19 | B48: ТЕР46-03-001-01 | C48: Сверление кольцевыми алмазными сверлами в железобетонных конструкциях вертикальных отверстий глубиной 200 мм диаметром 20 мм | D48: 100 отверстий | E48: 0.14 | F48: 2712.24 | G48: 234.42 | H48: 872.51 | I48: 222.22 | J48: 380 | K48: 33 | L48: 122 | M48: 31 | N48: 17.3 | O48: 2.42 | P48: 16.4 | Q48: 2.3
A49: 20 | B49: ТЕР07-01-044-01 прим. | C49: Установка ершей в готовые гнезда с заделкой для крепления пристраиваемых перегородок к существующим | D49: 1 т | E49: 0.05 | F49: 3906.63 | G49: 2444.6 | H49: 572.31 | J49: 195 | K49: 122 | L49: 29 | N49: 170 | O49: 8.5
A50: 21 | B50: ТСЦ-204-0020 | C50: Горячекатаная арматурная сталь периодического профиля класса А-III, диаметром 8 мм | D50: т | E50: 0.05 | F50: 5156.3 | J50: 258
A51: 22 | B51: ТЕР46-02-007-01 | C51: Кладка отдельных участков кирпичных стен и заделка проемов в кирпичных стенах при объеме кладки в одном месте до 5 м3 | D51: 1 м3 | E51: 9.01 | F51: 729.34 | G51: 168.39 | H51: 2.31 | J51: 6571 | K51: 1517 | L51: 21 | N51: 14.63 | O51: 131.82
A52: 23 | B52: ТЕР08-02-002-03 | C52: Кладка перегородок из кирпича армированных толщиной в 1/2 кирпича при высоте этажа до 4 м | D52: 100 м2 (за вычетом проемов) | E52: 2.01 | F52: 10332.14 | G52: 2043.74 | H52: 1064 | I52: 74.8 | J52: 20768 | K52: 4108 | L52: 2139 | M52: 150 | N52: 170.17 | O52: 342.04 | P52: 4.11 | Q52: 8.26
A53: Перемычки
A54: 24 | B54: ТЕР07-05-007-10 | C54: Укладка перемычек массой до 0,3 т | D54: 100 шт. | E54: 0.08 | F54: 2709.38 | G54: 216.96 | H54: 2324.12 | I54: 165.26 | J54: 217 | K54: 17 | L54: 186 | M54: 13 | N54: 17.61 | O54: 1.41 | P54: 9.08 | Q54: 0.73
A55: 25 | B55: ТСЦ-403-0447 | C55: Перемычка брусковая 2ПБ-13-1-п /бетон В15 (М200), объем 0,022 м3, расход ар-ры 0,57 кг / (серия 1.038.1-1 вып. 1) | D55: шт. | E55: 6 | F55: 54.17 | J55: 325
A56: 26 | B56: ТСЦ-403-0448 | C56: Перемычка брусковая 2ПБ-16-2-п /бетон В15 (М200), объем 0,026 м3, расход ар-ры 0,79 кг / (серия 1.038.1-1 вып. 1) | D56: шт. | E56: 2 | F56: 65.07 | J56: 130
A57: 27 | B57: ТЕРр53-25-1 | C57: Устройство металлических перемычек в стенах существующих зданий | D57: 1 т | E57: 0.322 | F57: 15207.66 | G57: 2018.76 | H57: 98 | I57: 6.37 | J57: 4897 | K57: 650 | L57: 32 | M57: 2 | N57: 165.88 | O57: 53.41 | P57: 0.47 | Q57: 0.15
A58: 28 | B58: ТЕР07-01-044-03 | C58: Установка монтажных изделий массой до 20 кг (металлической перемычки МП-4) | D58: 1 т | E58: 0.01 | F58: 13769.84 | G58: 614.03 | H58: 303.06 | J58: 138 | K58: 6 | L58: 3 | N58: 42.7 | O58: 0.43
A59: 29 | B59: ТЕР13-06-004-01 | C59: Обеспыливание поверхности | D59: 1 м2 | E59: 11.7 | F59: 2.59 | G59: 1.2 | H59: 1.39 | J59: 30 | K59: 14 | L59: 16 | N59: 0.1 | O59: 1.17
A60: 30 | B60: ТЕР13-03-002-04 | C60: Огрунтовка металлических поверхностей за один раз грунтовкой ГФ-021 | D60: 100 м2 | E60: 0.117 | F60: 417.46 | G60: 79.65 | H60: 10.15 | I60: 0.16 | J60: 49 | K60: 9 | L60: 1 | N60: 5.31 | O60: 0.62 | P60: 0.01
A61: 31 | B61: ТЕР26-02-009-01 | C61: Огнезащитное покрытие металлических огрунтованных (грунтом ГФ-021) поверхностей материалом огнезащитным терморасширяющимся | D61: 100 м2 покрытия | E61: 0.117 | F61: 2788.4 | G61: 2296.32 | H61: 323.21 | J61: 326 | K61: 269 | L61: 38 | N61: 184 | O61: 21.53
A62: 32 | B62: ТСЦ-113-0519 | C62: Материал огнезащитный терморасширяющийся | D62: кг | E62: 25.74 | F62: 85 | J62: 2188
A63: 33 | B63: ТЕРр61-28-04 | C63: Устройство основания под штукатурку из металлической сетки Обертывание балок сеткой | D63: 100 м2 | E63: 0.1 | F63: 3572.25 | G63: 287.94 | H63: 6.51 | I63: 1.25 | J63: 357 | K63: 29 | L63: 1 | N63: 26.2 | O63: 2.62 | P63: 0.08 | Q63: 0.01
A64: Перекрытие
A65: 34 | B65: ТЕР09-01-001-01 | C65: Установка балок настила | D65: 1 т | E65: 1.6 | F65: 1137.76 | G65: 303.52 | H65: 535.13 | I65: 53.33 | J65: 1820 | K65: 486 | L65: 856 | M65: 85 | N65: 22.4 | O65: 35.84 | P65: 2.81 | Q65: 4.5
A66: 35 | B66: ТСЦ-201-0778 | C66: Прочие индивидуальные сварные конструкции, масса сборочной единицы до 0,1 т | D66: т | E66: 1.6 | F66: 13506.5 | J66: 21610
A67: 36 | B67: ТЕР13-03-002-04 | C67: Огрунтовка металлических поверхностей за один раз грунтовкой ГФ-021 | D67: 100 м2 | E67: 0.64 | F67: 417.46 | G67: 79.65 | H67: 10.15 | I67: 0.16 | J67: 267 | K67: 51 | L67: 6 | N67: 5.31 | O67: 3.4 | P67: 0.01 | Q67: 0.01
A68: 37 | B68: ТЕР13-03-004-23 | C68: Окраска металлических огрунтованных поверхностей краской БТ-177 КОЭФ. К ПОЗИЦИИ: Количество окрасок ПЗ=2 (ОЗП=2; ЭМ=2 к расх.; ЗПМ=2; МАТ=2 к расх.; ТЗ=2; ТЗМ=2) | D68: 100 м2 | E68: 0.64 | F68: 777.58 | G68: 73.62 | H68: 26.6 | I68: 0.32 | J68: 498 | K68: 47 | L68: 17 | N68: 5.76 | O68: 3.69 | P68: 0.02 | Q68: 0.01
A69: 38 | B69: ТЕР09-04-002-01 | C69: Устройство кровельного покрытия из профилированного листа при высоте здания до 25 м | D69: 100 м2 покрытия | E69: 1.2 | F69: 1247.91 | G69: 437.36 | H69: 586.29 | I69: 51.86 | J69: 1497 | K69: 525 | L69: 704 | M69: 62 | N69: 35.5 | O69: 42.6 | P69: 2.61 | Q69: 3.13
A70: 39 | B70: ТСЦ-101-3844 прим. | C70: Профилированный лист оцинкованный НС35-1000-0,5 | D70: т | E70: 0.65 | F70: 15041 | J70: 9777
A71: 40 | B71: ТСЦ-101-1751 | C71: Шурупы-саморезы с шести-восьмигранной головкой 4,5х25(35) мм и специальной уплотнительной прокладкой (шайбой) из ЭПДМ | D71: 10 шт. | E71: 25 | F71: 57 | J71: 1425
A72: Проемы дверные
A73: 41 | B73: ТЕР10-01-039-03 | C73: Установка блоков в наружных и внутренних дверных проемах в перегородках , площадь проема до 3 м2 | D73: 100 м2 проемов | E73: 0.11 | F73: 7978.81 | G73: 1452.45 | H73: 425.76 | J73: 878 | K73: 160 | L73: 47 | N73: 115 | O73: 12.65
A74: 42 | B74: ТСЦ-203-0205 | C74: Блоки дверные двупольные с полотном глухим ДГ 21-13, площадь 2,63 м2 | D74: м2 | E74: 2.75 | F74: 304.64 | J74: 838
A75: 43 | B75: ТСЦ-203-0199 | C75: Блоки дверные однопольные с полотном глухим ДГ 21-10, площадь 2,01 м2 | D75: м2 | E75: 6.09 | F75: 304.64 | J75: 1855
A76: 44 | B76: ТСЦ-203-0199 | C76: Блоки дверные однопольные с полотном глухим ДГ 21-9, площадь 1,80 м2 | D76: м2 | E76: 1.89 | F76: 304.64 | J76: 576
A77: 45 | B77: ТЕР10-01-039-04 | C77: Установка блоков в наружных и внутренних дверных проемах в перегородках, площадь проема более 3 м2 | D77: 100 м2 проемов | E77: 0.063 | F77: 37452.35 | G77: 1277.18 | H77: 419.21 | J77: 2359 | K77: 80 | L77: 26 | N77: 98.7 | O77: 6.22
A78: 46 | B78: ТСЦ-203-0205 прим. | C78: Блоки дверные двупольные с полотном глухим ДГ 21-15 | D78: м2 | E78: 6.3 | F78: 309.4 | J78: 1949
A79: 47 | B79: ТСЦ-101-0887 | C79: Скобяные изделия для блоков входных однопольных с замком | D79: компл. | E79: 4 | F79: 168.76 | J79: 675
A80: 48 | B80: ТСЦ-101-0888 | C80: Скобяные изделия для блоков входных дверей двупольных с замком | D80: компл. | E80: 3 | F80: 224.5 | J80: 674
A81: 49 | B81: ТЕРм08-01-081-01 | C81: Установка кодового замка | D81: шт. | E81: 2 | F81: 29.8 | G81: 15.31 | H81: 11.69 | I81: 0.73 | J81: 60 | K81: 31 | L81: 23 | M81: 1 | N81: 1.13 | O81: 2.26 | P81: 0.04 | Q81: 0.08
A82: 50 | B82: Цена поставщика | C82: Стоимость кодового замка. Цена: 950:5,56:1,18х1,02 | D82: шт. | E82: 2 | F82: 147.7 | J82: 295
A83: 51 | B83: ФЕР09-04-012-01 | C83: Установка металлических дверных блоков в готовые проемы КОЭФ. К ПОЗИЦИИ: Приведение расценок ФЕР к территориальному уровню (Письмо УРЦЦС Ц-297 от 12.04.2011) ОЗП=1,41; ЭМ=1,242; ЗПМ=1,41; МАТ=1,052 | D83: 1 м2 проема | E83: 12 | F83: 84.31 | G83: 33.57 | H83: 23.68 | J83: 1012 | K83: 403 | L83: 284 | N83: 2.4 | O83: 28.8
A84: 52 | B84: ФССЦ-203-8116 | C84: Дверь противопожарная металлическая однопольная ДПМ-01/30, размером 900х2100 мм КОЭФ. К ПОЗИЦИИ: Приведение расценок ФЕР к территориальному уровню (Письмо УРЦЦС Ц-297 от 12.04.2011) МАТ=1,052 к расх. | D84: шт. | E84: 1 | F84: 2777.76 | J84: 2778
A85: 53 | B85: ТСЦ-101-0950 | C85: Замок врезной | D85: компл. | E85: 1 | F85: 81.32 | J85: 81
A86: 54 | B86: Цена поставщика | C86: Двери рентгенозащитные ДР-2 1200х2100 (2,0 Pb). Цена: 31100:5,56:1,18х1,02 | D86: компл. | E86: 2 | F86: 4835.08 | J86: 9670
A87: 55 | B87: Цена поставщика | C87: Двери рентгенозащитные ДР-2 1200х2100 (3,0 Pb). Цена: 35000:5,56:1,18х1,02 | D87: компл. | E87: 2 | F87: 5441.41 | J87: 10883
A88: 56 | B88: ФЕР09-04-012-02 | C88: Установка дверного доводчика к металлическим дверям КОЭФ. К ПОЗИЦИИ: Приведение расценок ФЕР к территориальному уровню (Письмо УРЦЦС Ц-297 от 12.04.2011) ОЗП=1,41; ЭМ=1,242; ЗПМ=1,41; МАТ=1,052 | D88: 1 шт. | E88: 4 | F88: 19.85 | G88: 15.52 | H88: 3.56 | J88: 79 | K88: 62 | L88: 14 | N88: 1.11 | O88: 4.44
A89: 57 | B89: ТСЦ-101-0950 прим. | C89: Доводчик | D89: шт. | E89: 4 | F89: 81.32 | J89: 325
A90: Проемы оконные
A91: 58 | B91: ТЕР10-01-034-05 | C91: Установка оконных блоков поворотных (откидных, поворотно-откидных) с площадью проема до 2 м2 двухстворчатых | D91: 100 м2 проемов | E91: 0.012 | F91: 14895.21 | G91: 2310.62 | H91: 635.5 | I91: 27.49 | J91: 179 | K91: 28 | L91: 8 | N91: 187.55 | O91: 2.25 | P91: 1.76 | Q91: 0.02
A92: 59 | B92: Цена поставщика | C92: Оконный блок ОДР (с фрамугой), разм. 870х1400. Цена: 6011:5,56 | D92: м2 | E92: 1.22 | F92: 1081.12 | J92: 1319
A93: 60 | B93: ТЕР10-01-034-08 | C93: Установка в жилых и общественных зданиях оконных блоков поворотных (откидных, поворотно-откидных) с площадью проема более 2 м2 трехстворчатых, в том числе при наличии створок глухого остекления | D93: 100 м2 проемов | E93: 0.116 | F93: 11557.22 | G93: 1837.65 | H93: 534.04 | I93: 10.31 | J93: 1341 | K93: 213 | L93: 62 | M93: 1 | N93: 149.16 | O93: 17.3 | P93: 0.66 | Q93: 0.08
A94: 61 | B94: Цена поставщика | C94: Оконный блок ОДР (без форточки), разм. 1470х800. Цена: 5544:5,56 | D94: м2 | E94: 4.7 | F94: 997.12 | J94: 4686
A95: 62 | B95: Цена поставщика | C95: Оконный блок ОДР (с форточкой), разм. 1470х1760. Цена: 6011:5,56 | D95: м2 | E95: 10.35 | F95: 1081.12 | J95: 11190
A96: 63 | B96: ТЕР10-01-033-02 | C96: Установка деревянных подоконных досок в каменных стенах высотой проема до 2 м | D96: 100 м2 проемов | E96: 0.012 | F96: 3969.79 | G96: 805.9 | H96: 122.81 | I96: 3.64 | J96: 48 | K96: 10 | L96: 1 | N96: 66.22 | O96: 0.79 | P96: 0.2
A97: 64 | B97: ТЕР10-01-033-03 | C97: Установка деревянных подоконных досок в каменных стенах высотой проема более 2 м | D97: 100 м2 проемов | E97: 0.15 | F97: 2693.13 | G97: 552.88 | H97: 86.67 | I97: 2 | J97: 404 | K97: 83 | L97: 13 | N97: 45.43 | O97: 6.81 | P97: 0.11 | Q97: 0.02
A98: 65 | B98: Цена поставщика | C98: Подоконная доска. Цена: 3067:5,56 | D98: м2 | E98: 3.41 | F98: 551.62 | J98: 1881
A99: 66 | B99: ТЕР12-01-010-01 | C99: Устройство мелких покрытий (оконные отливы) из листовой оцинкованной стали | D99: 100 м2 покрытия | E99: 0.026 | F99: 15322.3 | G99: 1354.13 | H99: 58.83 | I99: 3.64 | J99: 398 | K99: 35 | L99: 2 | N99: 112.75 | O99: 2.93 | P99: 0.2 | Q99: 0.01
A100: 67 | B100: Цена поставщика | C100: Вертикальные жалюзи 89мм разм. 1500х2560 с установкой. Цена: 3120:5,56:1,18 | D100: шт. | E100: 4 | F100: 475.55 | G100: 205.77 | J100: 1902 | K100: 823
A101: 68 | B101: Цена поставщика | C101: Вертикальные жалюзи 89мм разм. 900х1400 с установкой. Цена: 1230:5,56:1,18 | D101: шт. | E101: 1 | F101: 187.47 | G101: 99.07 | J101: 187 | K101: 99
A102: Отделочные работы
...

Sheet 25210
A1: СОГЛАСОВАНО: | E1: ФГУП "Комбинат "Электрохимприбор" | M1: УТВЕРЖДАЮ:
G2: (наименование стройки) | M2: Зам. генерального директора
M3: Е.В.Гордеев
A4: _________________ | M4: _________________
A5: " _____ " ________________ 2014 г. | M5: "______ " __________2014 г.
G6: ЛОКАЛЬНЫЙ СМЕТНЫЙ РАСЧЕТ № 25210
G7: (локальная смета)
C9: на | D9: реконструкцию силового электрооборудования участка радиографии и ультрозвукового
D10: контроля лаборатории №6 ЦЛК. Площадка 1. Здание 301. инв.№ 5731020
E11: Раздел: ПНР. Отопление и вентиляция. (к смете №24825)
H12: (наименование работ и затрат, наименование объекта)
D14: Основание: проект № 24565-13-ОВ
D15: Сметная стоимость прочих _______________________________________________________________________________________________ | J15: ___________________________0,943 | L15: тыс. руб.
D16: Средства на оплату труда _______________________________________________________________________________________________ | J16: ___________________________0,460 | L16: тыс. руб.
D17: Сметная трудоемкость _______________________________________________________________________________________________ | J17: _______________________________________________________________________________________________23,29 | L17: чел.час
D18: Составлен(а) в базовых ценах 2001г. в редакции 2009г.
A20: № пп | B20: Обоснование | C20: Наименование | D20: Ед. изм. | E20: Кол. | F20: Стоимость единицы, руб. | J20: Общая стоимость, руб. | N20: Т/з осн. раб.на ед. | O20: Т/з осн. раб. Всего | P20: Т/з мех. на ед. | Q20: Т/з мех. Всего
F21: Всего | G21: В том числе | J21: Всего | K21: В том числе
G22: Осн.З/п | H22: Эк.Маш | I22: З/пМех | K22: Осн.З/п | L22: Эк.Маш | M22: З/пМех
A23: 1 | B23: 2 | C23: 3 | D23: 4 | E23: 5 | F23: 6 | G23: 7 | H23: 8 | I23: 9 | J23: 10 | K23: 11 | L23: 12 | M23: 13 | N23: 14 | O23: 15 | P23: 16 | Q23: 17
A24: 1 | B24: ТЕРп03-01-002-14 | C24: Вентилятор радиальный (центробежный), диаметральный или крышный массой до 0,1 | D24: 1 устройство | E24: 1 | F24: 129.91 | G24: 129.91 | J24: 130 | K24: 130 | N24: 7 | O24: 7
A25: 2 | B25: ТЕРп03-01-022-01 | C25: Сеть систем вентиляции и кондиционирования воздуха при количестве сечений до 5 | D25: 1 вентиляционная сеть | E25: 2 | F25: 190.58 | G25: 190.58 | J25: 381 | K25: 381 | N25: 10 | O25: 20
A26: Итого прямые затраты по смете в ценах 2001г. | J26: 511 | K26: 511 | O26: 27
A27: Итого прямые затраты по смете с учетом коэффициентов к итогам | J27: 460 | K27: 460 | O27: 23.29
A28: В том числе, справочно:
A29: Районный к-т 4,3% (Поз. 1-2) | J29: 22 | K29: 22
A30: 3. ПНР на действующих предприятиях в зданиях при наличии в зоне производства работ загромождающих помещения предметов ОЗП=1,15; ТЗ=1,15 (Поз. 1-2) | J30: 80 | K30: 80 | O30: 4.05
A31: Пусконаладочные работы (в холостую 75%) ПЗ=0,75 (ОЗП=0,75; ЭМ=0,75; ЗПМ=0,75; МАТ=0,75; ТЗ=0,75; ТЗМ=0,75) (Поз. 1-2) | J31: -153 | K31: -153 | O31: -7.7625
A32: Накладные расходы | J32: 299
A33: В том числе, справочно:
A34: 65% ФОТ (от 460) (Поз. 1-2) | J34: 299
A35: Сметная прибыль | J35: 184
A36: В том числе, справочно:
A37: 40% ФОТ (от 460) (Поз. 1-2) | J37: 184
A38: Итоги по смете:
A39: Пусконаладочные работы: 'вхолостую' - 75% | J39: 943 | O39: 23.29
A40: Итого | J40: 943 | O40: 23.29
A41: В том числе:
A42: ФОТ | J42: 460
A43: Накладные расходы | J43: 299
A44: Сметная прибыль | J44: 184
A45: ВСЕГО по смете | J45: 943 | O45: 23.29
B47: Начальник отд. 078 _________________________ Т.М.Ковязина | I47: Составил инженер-сметчик __________________ В.В.Воронкова
I48: 15.01.14 г.

Sheet 25211
A1: СОГЛАСОВАНО: | E1: ФГУП "Комбинат "Электрохимприбор" | M1: УТВЕРЖДАЮ:
G2: (наименование стройки) | M2: Зам. генерального директора
M3: Е.В.Гордеев
A4: _________________ | M4: _________________
A5: " _____ " ________________ 2014 г. | M5: "______ " __________2014 г.
G6: ЛОКАЛЬНЫЙ СМЕТНЫЙ РАСЧЕТ № 25211
G7: (локальная смета)
C9: на | D9: строительно-монтажные работы по реконструкции участка радиографии и ультрозвукового
D10: контроля лаборатории №6 ЦЛК. Площадка 1. Здание 301. инв.№ 5731020
E11: Раздел: ПНР. Электрооборудование. Электроосвещение. (к смете №24855)
H12: (наименование работ и затрат, наименование объекта)
D14: Основание: проект № 24583-13-ЭМ
D15: Сметная стоимость прочих _______________________________________________________________________________________________ | J15: ___________________________5,345 | L15: тыс. руб.
D16: Средства на оплату труда _______________________________________________________________________________________________ | J16: ___________________________2,607 | L16: тыс. руб.
D17: Сметная трудоемкость _______________________________________________________________________________________________ | J17: _______________________________________________________________________________________________146,1 | L17: чел.час
D18: Составлен(а) в базовых ценах 2001г. в редакции 2009г.
A20: № пп | B20: Обоснование | C20: Наименование | D20: Ед. изм. | E20: Кол. | F20: Стоимость единицы, руб. | J20: Общая стоимость, руб. | N20: Т/з осн. раб.на ед. | O20: Т/з осн. раб. Всего | P20: Т/з мех. на ед. | Q20: Т/з мех. Всего
F21: Всего | G21: В том числе | J21: Всего | K21: В том числе
G22: Осн.З/п | H22: Эк.Маш | I22: З/пМех | K22: Осн.З/п | L22: Эк.Маш | M22: З/пМех
A23: 1 | B23: 2 | C23: 3 | D23: 4 | E23: 5 | F23: 6 | G23: 7 | H23: 8 | I23: 9 | J23: 10 | K23: 11 | L23: 12 | M23: 13 | N23: 14 | O23: 15 | P23: 16 | Q23: 17
A24: ЩУРн-3/48эо-1
A25: 1 | B25: ТЕРп01-06-021-01 | C25: Схема разводки трехпроводной системы с количеством панелей (шкафов, ячеек) до 2 | D25: 1 схема | E25: 1 | F25: 64.59 | G25: 64.59 | J25: 65 | K25: 65 | N25: 4 | O25: 4
A26: 2 | B26: ТЕРп01-11-024-01 | C26: Фазировка электрической линии или трансформатора с сетью напряжением до 1 кВ | D26: 1 фазировка | E26: 1 | F26: 18.04 | G26: 18.04 | J26: 18 | K26: 18 | N26: 1 | O26: 1
A27: 3 | B27: ТЕРп01-03-002-05 | C27: Выключатель трехполюсный напряжением до 1 кВ с электромагнитным, тепловым или комбинированным расцепителем, номинальный ток до 200 А | D27: 1 шт. | E27: 1 | F27: 39.71 | G27: 39.71 | J27: 40 | K27: 40 | N27: 3 | O27: 3
A28: 4 | B28: ТЕРп01-03-002-04 | C28: Выключатель трехполюсный напряжением до 1 кВ с электромагнитным, тепловым или комбинированным расцепителем, номинальный ток до 50 А | D28: 1 шт. | E28: 8 | F28: 26.47 | G28: 26.47 | J28: 212 | K28: 212 | N28: 2 | O28: 16
A29: 5 | B29: ТЕРп01-03-001-01 | C29: Выключатель однополюсный напряжением до 1 кВ с электромагнитным, тепловым или комбинированным расцепителем | D29: 1 шт. | E29: 4 | F29: 19.85 | G29: 19.85 | J29: 79 | K29: 79 | N29: 1.5 | O29: 6
A30: 6 | B30: ТЕРп01-11-013-01 | C30: Замер полного сопротивления цепи «фаза-нуль» | D30: 1 токоприемник | E30: 13 | F30: 27.06 | G30: 27.06 | J30: 352 | K30: 352 | N30: 1.5 | O30: 19.5
A31: 7 | B31: ТЕРп01-11-028-01 | C31: Измерение сопротивления изоляции мегаомметром кабельных и других линий напряжением до 1 кВ, предназначенных для передачи электроэнергии к распределительным устройствам, щитам, шкафам, коммутационным аппаратам и электропотребителям | D31: 1 линия | E31: 15 | F31: 7.22 | G31: 7.22 | J31: 108 | K31: 108 | N31: 0.4 | O31: 6
A32: 8 | B32: ТЕРп01-11-011-01 | C32: Проверка наличия цепи между заземлителями и заземленными элементами | D32: 100 точек | E32: 0.14 | F32: 288.64 | G32: 288.64 | J32: 40 | K32: 40 | N32: 16 | O32: 2.24
A33: ЩРн-18э-1
A34: 9 | B34: ТЕРп01-06-021-01 | C34: Схема разводки трехпроводной системы с количеством панелей (шкафов, ячеек) до 2 | D34: 1 схема | E34: 1 | F34: 64.59 | G34: 64.59 | J34: 65 | K34: 65 | N34: 4 | O34: 4
A35: 10 | B35: ТЕРп01-11-024-01 | C35: Фазировка электрической линии или трансформатора с сетью напряжением до 1 кВ | D35: 1 фазировка | E35: 1 | F35: 18.04 | G35: 18.04 | J35: 18 | K35: 18 | N35: 1 | O35: 1
A36: 11 | B36: ТЕРп01-03-002-04 | C36: Выключатель трехполюсный напряжением до 1 кВ с электромагнитным, тепловым или комбинированным расцепителем, номинальный ток до 50 А | D36: 1 шт. | E36: 1 | F36: 26.47 | G36: 26.47 | J36: 26 | K36: 26 | N36: 2 | O36: 2
A37: 12 | B37: ТЕРп01-03-001-01 | C37: Выключатель однополюсный напряжением до 1 кВ с электромагнитным, тепловым или комбинированным расцепителем | D37: 1 шт. | E37: 6 | F37: 19.85 | G37: 19.85 | J37: 119 | K37: 119 | N37: 1.5 | O37: 9
A38: 13 | B38: ТЕРп01-11-013-01 | C38: Замер полного сопротивления цепи «фаза-нуль» | D38: 1 токоприемник | E38: 7 | F38: 27.06 | G38: 27.06 | J38: 189 | K38: 189 | N38: 1.5 | O38: 10.5
A39: 14 | B39: ТЕРп01-11-028-01 | C39: Измерение сопротивления изоляции мегаомметром кабельных и других линий напряжением до 1 кВ, предназначенных для передачи электроэнергии к распределительным устройствам, щитам, шкафам, коммутационным аппаратам и электропотребителям | D39: 1 линия | E39: 9 | F39: 7.22 | G39: 7.22 | J39: 65 | K39: 65 | N39: 0.4 | O39: 3.6
A40: 15 | B40: ТЕРп01-11-011-01 | C40: Проверка наличия цепи между заземлителями и заземленными элементами | D40: 100 точек | E40: 0.06 | F40: 288.64 | G40: 288.64 | J40: 17 | K40: 17 | N40: 16 | O40: 0.96
A41: Пост кнопочный, контактор, выключатели пакетные
A42: 16 | B42: ТЕРп01-09-011-04 | C42: Функциональная группа управления аналоговая бесконтактная с общим числом элементов и органов настройки до 20 | D42: 1 шт. | E42: 1 | F42: 1250.49 | G42: 1250.49 | J42: 1250 | K42: 1250 | N42: 67 | O42: 67
A43: 17 | B43: ТЕРп01-04-002-01 | C43: Максимальная токовая тепловая защита с одним реле | D43: 1 компл. | E43: 1 | F43: 53.64 | G43: 53.64 | J43: 54 | K43: 54 | N43: 3 | O43: 3
A44: Итого прямые затраты по смете в ценах 2001г. | J44: 2717 | K44: 2717 | O44: 158.8
A45: Итого прямые затраты по смете с учетом коэффициентов к итогам | J45: 2607 | K45: 2607 | O45: 146.1
A46: В том числе, справочно:
A47: Районный к-т 4,3% (Поз. 1-17) | J47: 117 | K47: 117
A48: 3. ПНР на действующих предприятиях в зданиях при наличии в зоне производства работ загромождающих помещения предметов ОЗП=1,15; ТЗ=1,15 (Поз. 1-17) | J48: 425 | K48: 425 | O48: 23.82
A49: Пусконаладочные работы (в холостую 80%) ПЗ=0,8 (ОЗП=0,8; ЭМ=0,8; ЗПМ=0,8; МАТ=0,8; ТЗ=0,8; ТЗМ=0,8) (Поз. 1-17) | J49: -652 | K49: -652 | O49: -36.524
A50: Накладные расходы | J50: 1695
A51: В том числе, справочно:
A52: 65% ФОТ (от 2607) (Поз. 1-17) | J52: 1695
A53: Сметная прибыль | J53: 1043
A54: В том числе, справочно:
A55: 40% ФОТ (от 2607) (Поз. 1-17) | J55: 1043
A56: Итоги по смете:
A57: Итого | J57: 5345 | O57: 146.1
A58: В том числе:
A59: ФОТ | J59: 2607
A60: Накладные расходы | J60: 1695
A61: Сметная прибыль | J61: 1043
A62: ВСЕГО по смете | J62: 5345 | O62: 146.1
B64: Начальник отд. 078 _________________________ Т.М.Ковязина | I64: Составил инженер-сметчик __________________ В.В.Воронкова
I65: 15.01.14 г.

Sheet СМР
A1: Расчет начальной (максимальной) цены на
A2: реконструкцию участка радиографии и ультразвукового контроля лаборатории №6 ЦЛК. Площадка 1. Здание 301
A4: Наименование глав ССР, объектный сметных расчетов, локальных сметных расчетов, видов прочих работ | B4: Сметная стоимость строительства в базисном уровне цен на 01.01.2000г. по ССР | F4: Остаток сметной стоимости в базисном уровне цен на 01.01.2014 | J4: Сметная стоимость строительства в базисном уровне цен на 01.01.2000г., выставленная на конкурс | N4: Текущая стоимость на момент определения начальной (максимальной) цены | O4: № обосновывающего расчета | P4: 2014 год
B5: Всего | C5: СМР | D5: Оборудование | E5: Прочие | F5: Всего | G5: СМР | H5: Оборудование | I5: Прочие | J5: Всего | K5: СМР | L5: Оборудование | M5: Прочие | P5: СМР | Q5: Оборудование | R5: Прочие
A6: 1 | B6: 2 | C6: 3 | D6: 4 | E6: 5 | F6: 6 | G6: 7 | H6: 8 | I6: 9 | J6: 10 | K6: 11 | L6: 12 | M6: 13 | N6: 14 | O6: 15 | P6: 16 | Q6: 17 | R6: 18
A7: Отопление и вентиляция. | B7: =SUM(C7:E7) -> 17345 | C7: ='24825'!J117 -> 17345 | F7: =SUM(G7:I7) -> 17345 | G7: =C7 -> 17345 | H7: =D7 -> 0 | I7: =E7 -> 0 | J7: =SUM(K7:M7) -> 17345 | K7: =P7 -> 17345 | L7: =Q7 -> 0 | M7: =R7 -> 0 | N7: =SUM(P7:R7) -> 17345 | O7: 24825 | P7: =G7 -> 17345 | Q7: =H7 -> 0 | R7: =I7 -> 0
A8: Электрооборудование. Электроосвещение. | B8: =SUM(C8:E8) -> 90940 | C8: ='24855'!J133 -> 90940 | D8: ='24855'!G85 -> 0 | F8: =SUM(G8:I8) -> 90940 | G8: =C8 -> 90940 | H8: =D8 -> 0 | I8: =E8 -> 0 | J8: =SUM(K8:M8) -> 90940 | K8: =P8 -> 90940 | L8: =Q8 -> 0 | M8: =R8 -> 0 | N8: =SUM(P8:R8) -> 90940 | O8: 24855 (0153см4) | P8: =G8 -> 90940 | Q8: =H8 -> 0 | R8: =I8 -> 0
A9: Автоматическая пожарная сигнализация. | B9: =SUM(C9:E9) -> 10433 | C9: ='24856'!J79 -> 10433 | D9: 0 | F9: =SUM(G9:I9) -> 10433 | G9: =C9 -> 10433 | H9: =D9 -> 0 | I9: =E9 -> 0 | J9: =SUM(K9:M9) -> 10433 | K9: =P9 -> 10433 | L9: =Q9 -> 0 | M9: =R9 -> 0 | N9: =SUM(P9:R9) -> 10433 | O9: 24856 (0153см5) | P9: =G9 -> 10433 | Q9: =H9 -> 0 | R9: =I9 -> 0
A10: Водопровод и канализация | B10: =SUM(C10:E10) -> 27668 | C10: ='24857'!J101 -> 27668 | F10: =SUM(G10:I10) -> 27668 | G10: =C10 -> 27668 | H10: =D10 -> 0 | I10: =E10 -> 0 | J10: =SUM(K10:M10) -> 27668 | K10: =P10 -> 27668 | L10: =Q10 -> 0 | M10: =R10 -> 0 | N10: =SUM(P10:R10) -> 27668 | O10: 24857 (0153см3) | P10: =G10 -> 27668 | Q10: =H10 -> 0 | R10: =I10 -> 0
A11: Архитектурно-строительные решения | B11: =SUM(C11:E11) -> 1063746 | C11: ='24858'!J175 -> 1063746 | D11: ='24858'!G80 -> 0 | F11: =SUM(G11:I11) -> 1063746 | G11: =C11 -> 1063746 | H11: =D11 -> 0 | I11: =E11 -> 0 | J11: =SUM(K11:M11) -> 1063746 | K11: =P11 -> 1063746 | L11: =Q11 -> 0 | M11: =R11 -> 0 | N11: =SUM(P11:R11) -> 1063746 | O11: 24858 (0153см7) | P11: =G11 -> 1063746 | Q11: =H11 -> 0 | R11: =I11 -> 0
A12: ПНР. Отопление и вентиляция. (к смете №24825) | B12: =SUM(C12:E12) -> 943 | E12: ='25210'!J40 -> 943 | F12: =SUM(G12:I12) -> 943 | G12: =C12 -> 0 | H12: =D12 -> 0 | I12: =E12 -> 943 | J12: =SUM(K12:M12) -> 943 | K12: =P12 -> 0 | L12: =Q12 -> 0 | M12: =R12 -> 943 | N12: =SUM(P12:R12) -> 943 | O12: 25210 (0153см6) | P12: =G12 -> 0 | Q12: =H12 -> 0 | R12: =I12 -> 943
A13: ПНР. Электрооборудование. Электроосвещение. (к смете №24855) | B13: =SUM(C13:E13) -> 5345 | E13: ='25211'!J57 -> 5345 | F13: =SUM(G13:I13) -> 5345 | G13: =C13 -> 0 | H13: =D13 -> 0 | I13: =E13 -> 5345 | J13: =SUM(K13:M13) -> 5345 | K13: =P13 -> 0 | L13: =Q13 -> 0 | M13: =R13 -> 5345 | N13: =SUM(P13:R13) -> 5345 | O13: 25211 (0153см2) | P13: =G13 -> 0 | Q13: =H13 -> 0 | R13: =I13 -> 5345
A14: Итого в ценах 2000 года: | B14: =SUM(B7:B13) -> 1216420 | C14: =SUM(C7:C13) -> 1210132 | D14: =SUM(D7:D13) -> 0 | E14: =SUM(E7:E13) -> 6288 | F14: =SUM(F7:F13) -> 1216420 | G14: =SUM(G7:G13) -> 1210132 | H14: =SUM(H7:H13) -> 0 | I14: =SUM(I7:I13) -> 6288 | ... M14: =SUM(M7:M13) -> 6288 | N14: =SUM(P14:R14) -> 1216420 | P14: =SUM(P7:P13) -> 1210132 | Q14: =SUM(Q7:Q13) -> 0 | R14: =SUM(R7:R13) -> 6288
A15: Итого в текущих ценах*: | N15: =SUM(P15:R15) -> 7302487 | P15: =ROUND(P14*5.98,0) -> 7236589 | Q15: =ROUND(Q14*4.21,0) -> 0 | R15: =ROUND(R14*10.48,0) -> 65898
A16: НДС 18% | N16: =SUM(P16:R16) -> 1314447.7 | P16: =ROUND(P15*18%,2) -> 1302586 | Q16: =ROUND(Q15*18%,2) -> 0 | R16: =ROUND(R15*18%,2) -> 11861.64
A17: Всего: | N17: =SUM(P17:R17) -> 8616934.7 | P17: =SUM(P15:P16) -> 8539175 | Q17: =SUM(Q15:Q16) -> 0 | R17: =SUM(R15:R16) -> 77759.64
P18: 60000000
A19: * В расчете использованы индексы: | Q19: =P18-P17 -> 51460825
A20: - 5,98 индекс изменения сметной стоимости СМР к ТЕР 2001 (приказ ФГУП "Комбинат "Электрохимприбор" от 18.09.2013 №1902-П).
A21: - 10,48 индекс изменения сметной стоимости прочих затрат к ТЕР 2001 (приказ ФГУП "Комбинат "Электрохимприбор" от 18.09.2013 №1902-П)
A23: Начальник отдела капитального строительства
A24: ФГУП "Комбинат "Электрохимприбор" | H24: В.В. Моляков
A26: Инженер по проектно-сметной работе | H26: Н.А. Басова
A28: Согласовано | H28: отд. 028

Sheet НМЦ договора
G1: Приложение №1
G2: к извещению на размещение заказа
G3: на выполнение комплекса работ
G4: по строительству объекта
A8: Определение начальной (максимальной) цены договора генерального подряда
A9: на реконструкцию участка радиографии и ультразвукового контроля лаборатории №6 ЦЛК. Площадка 1. Здание 301
A10: на 2014 год
G13: ц.2000г./текущие цены, руб.
A14: Наименование услуг и работ (затрат) | C14: Сметная стоимость строительства в базисном уровне цен на 01.01.2000 г. | D14: Сметная стоимость строительства в текущем уровне цен, пресчитанная на момент проведения процедуры закупки | F14: Начальная (максимальная) цена | G14: в том числе по годам строительства
G17: 2014 г.
A21: 1 | C21: 2 | D21: 3 | F21: 4 | G21: 5
A22: СМР | C22: =СМР!K14 -> 1210132 | D22: =F22 -> 7236589 | F22: =G22 -> 7236589 | G22: =СМР!P15 -> 7236589
A23: Оборудование | C23: =СМР!L14 -> 0 | D23: =F23 -> 0 | F23: =G23 -> 0 | G23: =СМР!Q15 -> 0
A24: Прочие затраты | C24: =СМР!M14 -> 6288 | D24: =F24 -> 65898 | F24: =G24 -> 65898 | G24: =СМР!R15 -> 65898
A25: Всего: | C25: =SUM(C22:C24) -> 1216420 | D25: =F25 -> 7302487 | F25: =G25 -> 7302487 | G25: =SUM(G22:G24) -> 7302487
A26: НДС | D26: =F26 -> 1314447.7 | F26: =G26 -> 1314447.7 | G26: =СМР!P16+СМР!R16 -> 1314447.7
A27: Итого с НДС | D27: =F27 -> 8616934.7 | F27: =G27 -> 8616934.7 | G27: =СМР!P17+СМР!R17 -> 8616934.7
A29: В расчете использованы индексы:
A31: - 5,98 индекс изменения сметной стоимости СМР к ТЕР 2001 (приказ ФГУП "Комбинат "Электрохимприбор" от 18.09.2013 №1902-П) - 10,48 индекс изменения сметной стоимости прочих затрат к ТЕР 2001 (приказ ФГУП "Комбинат "Электрохимприбор" от 18.09.2013 №1902-П)
A33: Начальник отдела капитального строительства
A34: ФГУП "Комбинат "Электрохимприбор" | G34: В.В. Моляков
A36: Инженер по проектно-сметной работе | G36: Н.А. Басова
A38: Согласовано | G38: отд. 028
